Workbook
Name itemlist: [1]List!$A$9:$F$71
Name itemlist: index!$A$3:$B$58

Sheet index
B1: Student Loan Scheme Annual Report 2024/25
A3: code | B3: title
A4: T1 | B4: ='T1'!B2 -> Funding of tertiary education
A5: F2 | B5: ='F2'!B2 -> Median loan balance on leaving study
A6: F2.1 | B6: ='F2.1'!B2 -> Median loan balances for leavers by gender - all borrowers and those who studied at bachelors level
A7: F3 | B7: ='F3'!C3 -> Earnings as a percentage of national median earnings by year after qualification
A8: F4 | B8: ='F4'!B2 -> Percentage of borrowers who have fully repaid having left study in the year shown
A9: F5 | B9: ='F5'!B2 -> Enrolment by domestic students in tertiary education
A10: T2 | B10: ='T2'!B2 -> Participation by domestic students in tertiary education
A11: T2.1 | B11: ='T2.1'!B2 -> Trends in level of study among borrowers in 2024
A12: T2.2 | B12: ='T2.2'!B2 -> Trends in the age profile of borrowers
A13: T3 | B13: ='T3'!B2 -> Demographic characteristics of all active student loan borrowers
A14: T3.1 | B14: ='T3.1'!B2 -> Demographic characteristics of new active student loan borrowers
A15: F6 | B15: ='F6'!B2 -> Number of students eligible to borrow, number borrowing and the uptake rate (full-time and part-time students)
A16: F6.1 | B16: ='F6.1'!B2 -> Number of students eligible to borrow, number borrowing and the uptake rate
A17: F7 | B17: ='F7'!B2 -> Total amounts drawn by loan component
A18: F7.1 | B18: ='F7.1'!B2 -> Average and median amounts borrowed by component
A19: T4 | B19: ='T4'!B2 -> Amount borrowed by loan component and sub-sector
A20: T4.1 | B20: ='T4.1'!B2 -> Average course fees borrowed by sub-sector
A21: T4.2 | B21: ='T4.2'!B2 -> Student loan borrowers by level of qualification and average amount borrowed
A22: T4.3 | B22: ='T4.3'!B2 -> Number of students borrowing for living cost and receiving student allowances
A23: T4.4 | B23: ='T4.4'!B2 -> Student allowances compared with student loan living cost borrowing
A24: T4.5 | B24: ='T4.5'!B2 -> Amount borrowed by loan component and ethnicity
A25: T4.6 | B25: ='T4.6'!B2 -> Amount borrowed by loan component, gender and ethnicity
A26: F8 | B26: ='F8'!B2 -> Borrowing trends since 1992
A27: F8.1 | B27: ='F8.1'!B2 -> Number of total active borrowers and new active borrowers in each academic year
A28: T5 | B28: ='T5'!B2 -> Percentiles of leaving debt and repayment time for leavers in 2023 who completed a qualification by level of study and gender
A29: T6 | B29: ='T6'!B2 -> Median leaving debt and repayment time by ethnicity and level of study for leavers in 2023
A30: T6.1 | B30: ='T6.1'!B2 -> Quartiles of actual and forecast repayment times for borrowers who left study in 2005-2023 by level of study
A31: T7 | B31: ='T7'!B2 -> Leaving Debt and Forecast repayment times for borrowers who left study in 2023
A32: T8 | B32: ='T8'!B2 -> Overview of students loan at 30 June 2025 and the two preceding years
A33: F9 | B33: ='F9'!B2 -> Number of Borrowers and Nominal Balance
A34: F9.1 | B34: ='F9.1'!B2 -> Age range of borrower groups
A35: F9.2 | B35: ='F9.2'!B2 -> Average and Median Loan Balances as at 30 June 2025
A36: F9.3 | B36: ='F9.3'!B2 -> Borrower numbers by activity
A37: F10 | B37: ='F10'!B2 -> Range and Distribution of loan balances at 30 June 2025
A38: F10.1 | B38: ='F10.1'!B3 -> Range and Distribution of loan balances at 30 June 2025
A39: F10.2 | B39: ='F10.2'!B3 -> Range and Distribution of loan balances at 30 June 2025
A40: T9 | B40: ='T9'!B2 -> Loan Repayments
A41: T10 | B41: ='T10'!B2 -> Overdue student loan repayments
A42: T10.1 | B42: ='T10.1'!B2 -> Loan Repayments directly from borrowers
A43: T11 | B43: ='T11'!B2 -> Age and location of overdue repayments at 30 June 2025
A44: T12 | B44: ='T12'!B2 -> Special deduction rate
A45: T13 | B45: ='T13'!B2 -> Capitalisation of overdue amounts
A46: T14 | B46: ='T14'!B2 -> Number of loans fully repaid at 30 June 2025
A47: T15 | B47: ='T15'!B2 -> Write-off due to death, bankruptcy or fraud
A48: F11 | B48: ='F11'!B2 -> Movement in the fair value due to impairment and discount rate changes over the last eight years
A49: F12 | B49: ='F12'!B2 -> Lending and initial-write down on this lending
A50: F12.1 | B50: ='F12.1'!B2 -> Cost of lending in cents per dollar lent in half years
A51: F13 | B51: ='F13'!B2 -> Lending and Repayments
A52: T16 | B52: ='T16'!B2 -> Government’s cost of ownership of the Student Loan Scheme
A53: T17 | B53: ='T17'!B2 -> Student Loan Scheme administration costs
A54: T18 | B54: ='T18'!B2 -> Nominal and Carrying Value Movements
A55: T18.1 | B55: ='T18.1'!B2 -> History of repayment thresholds and interest rates

Sheet T1
A1: index
B2: Funding of tertiary education
B3: Government expenditure | D3: 2022 | E3: 2023 | F3: 2024
B4: Expenditure ($ million) | C4: Student loans - fair value write down on new borrowings | D4: 521 | E4: 552 | F4: 529
C5: Student allowances | D5: 552 | E5: 524 | F5: 562
C6: Tuition subsidies, Fees Free, TAFL, and HAFL | D6: 2638 | E6: 2452 | F6: 2609
C7: Total | D7: 3711 | E7: 3528 | F7: 3699
C8: Total as % of GDP | D8: 0.0101 | E8: 0.0088 | F8: 0.0088
B10: Source: Ministry of Education | Te Tāhuhu o te Mātauranga, Ministry of Social Development | Te Manatū Whakahiato ora, Tertiary Education Commission | Te Amorangi Mātauranga Matua and Inland Revenue | Te Tari Taake.
B11: Refer to Table 1, Part 1, Page 15 of the Student Loan Scheme Annual Report 2024/25
B12: Notes:
B13: 1. This table presents expenditure on a calendar-year basis. Prior to last year's edition of the Student Loan Scheme Annual Report, this was presented on a fiscal-year basis. Government expenditure on tuition subsidies and Fees Free for practical purposes, can only be split into provider-based and workplace-based expenditure on a calendar-year basis. This table presents expenditure on provider-based tertiary education tuition subsidies and Fees Free.
B14: 2. Fees Free represents the amount spent on paying tuition fees for Fees Free eligible students via the first-year Fees Free policy and the Targeted Training and Apprenticeship Fund (TTAF). The amount here only includes funding for students enrolled in provider-based tertiary education. TTAF ended in December 2022.
B15: 3. The following items of expenditure are not covered: industry training, community education, scholarships, Youth Guarantee, Centres of Research Excellence, funds for the administration of the tertiary education system, Performance-based Research Fund (PBRF) and capital expenditure Performance-Based Research Fund (PBRF) and capital expenditure.

Sheet F2
A1: index
B2: Median loan balance on leaving study
B4: Year of last study | C4: Median loan balance | D4: Inflation adjusted Median loan balance
B5: 2023 | C5: 24067 | D5: 13457
B6: 2022 | C6: 23280 | D6: 13541
B7: 2021 | C7: 21513 | D7: 13346
B8: 2020 | C8: 22480 | D8: 14914
B9: 2019 | C9: 22299 | D9: 15017
B10: 2018 | C10: 21610 | D10: 14922
B11: 2017 | C11: 19350 | D11: 13559
B12: 2016 | C12: 18650 | D12: 13212
B13: 2015 | C13: 17780 | D13: 12869
B14: 2014 | C14: 17000 | D14: 12356
B15: 2013 | C15: 15990 | D15: 11651
B16: 2012 | C16: 14670 | D16: 10853
... B28: 2000 | C28: 8360 | D28: 8360
B29: Source: Stats New Zealand IDI | Tatauranga Aotearoa
B30: Refer to Figure 2, Part 1, Page 16 of the Student Loan Scheme Annual Report 2024/25
B31: Notes:
B32: 1. Shown is the median loan balance in dollars following the last year of study, and the same figure deflated to March 2001 dollars.
E91: <<<source

Sheet F2.1
A1: This table is produced online only
A2: index | B2: Median loan balances for leavers by gender - all borrowers and those who studied at bachelors level
C4: All levels | E4: Bachelor level
B5: Year of last study | C5: Male | D5: Female | E5: Male | F5: Female
C6: $ | D6: $ | E6: $ | F6: $
B7: 2023 | C7: 24843 | D7: 23736 | E7: 29302 | F7: 29267
B8: 2022 | C8: 24620 | D8: 22654 | E8: 28533 | F8: 27454
B9: 2021 | C9: 22758 | D9: 20859 | E9: 29329 | F9: 27546
B10: 2020 | C10: 23503 | D10: 21464 | E10: 31100 | F10: 29927
B11: 2019 | C11: 22405 | D11: 20705 | E11: 30713 | F11: 29032
B12: 2018 | C12: 21113 | D12: 20412 | E12: 29876 | F12: 28262
B13: 2017 | C13: 18329 | D13: 18303 | E13: 27538 | F13: 26456
B14: 2016 | C14: 17040 | D14: 17545 | E14: 27384 | F14: 25645
B15: 2015 | C15: 16510 | D15: 16492 | E15: 26314 | F15: 24448
B16: 2014 | C16: 15476 | D16: 15836 | E16: 25921 | F16: 23351
B17: 2013 | C17: 14634 | D17: 14928 | E17: 25012 | F17: 22313
B18: 2012 | C18: 13479 | D18: 13788 | E18: 23626 | F18: 20425
... B27: 2003 | C27: 9761 | D27: 8731 | E27: 16301 | F27: 13652
B28: Source: Stats New Zealand IDI | Tatauranga Aotearoa
B29: This is a supporting table for Figure 2, Part 1, Page 16 of the Student Loan Scheme Annual Report 2024/25

Sheet F3
A1: index
C3: Earnings as a percentage of national median earnings by year after qualification
C4: (%)
B5: Qualification level | C5: Year 1 | D5: Year 2 | E5: Year 3 | F5: Year 4 | G5: Year 5 | H5: Year 6 | I5: Year 7 | J5: Year 8 | K5: Year 9 | L5: Year 10
B6: Doctorates | C6: 1.29 | D6: 1.32 | E6: 1.42 | F6: 1.38 | G6: 1.4 | H6: 1.46 | I6: 1.45 | J6: 1.53 | K6: 1.52 | L6: 1.53
B7: Masters | C7: 1.16 | D7: 1.19 | E7: 1.2 | F7: 1.25 | G7: 1.31 | H7: 1.34 | I7: 1.38 | J7: 1.38 | K7: 1.36 | L7: 1.44
B8: Honours & postgraduate certificates/diplomas | C8: 1.22 | D8: 1.24 | E8: 1.26 | F8: 1.31 | G8: 1.33 | H8: 1.37 | I8: 1.35 | J8: 1.41 | K8: 1.42 | L8: 1.47
B9: Graduate certificates/diplomas | C9: 1.04 | D9: 1.06 | E9: 1.06 | F9: 1.07 | G9: 1.09 | H9: 1.12 | I9: 1.13 | J9: 1.18 | K9: 1.23 | L9: 1.23
B10: Bachelor degrees | C10: 1.12 | D10: 1.14 | E10: 1.16 | F10: 1.17 | G10: 1.22 | H10: 1.23 | I10: 1.26 | J10: 1.25 | K10: 1.27 | L10: 1.27
B11: Level 5-7 certificates/diplomas | C11: 0.95 | D11: 0.99 | E11: 0.99 | F11: 0.98 | G11: 0.99 | H11: 0.99 | I11: 0.99 | J11: 0.99 | K11: 0.98 | L11: 1
B12: Level 4 certificates | C12: 0.96 | D12: 1.09 | E12: 1.08 | F12: 1.1 | G12: 1.08 | H12: 1.07 | I12: 1.06 | J12: 1.04 | K12: 1.01 | L12: 1.01
B13: Level 1-3 certificates | C13: 1.05 | D13: 1.11 | E13: 1.13 | F13: 1.02 | G13: 1.01 | H13: 0.96 | I13: 0.97 | J13: 0.95 | K13: 0.94 | L13: 0.94
B14: Source: Stats New Zealand IDI | Tatauranga Aotearoa, Tertiary Education Commission | Te Amorangi Mātauranga Matua interpretation.
B15: Refer to Figure 3, Part 1, Page 17 of the Student Loan Scheme Annual Report 2024/25
B16: Notes:
B17: 1. Graduate earnings are attributed only to the highest qualification completed .
B18: 2. Sources of data used to identify the highest qualification completed include the Single Data Return, Industry Training Register and New Zealand Qualifications Authority (NZQA) register.
B19: 3. The definition of employed graduates and employed population is based on income from employed taxable sources. A person is considered employed if their yearly income in the 2024 tax year from employed sources exceeded $24,128 (one-half of the minimum wage over 52 weeks, with 40 working hours in a week).
B20: 4. All earnings are measured in the 2024 tax year . Any negative earnings (income losses) were zeroed.
B21: 5. For comparison purposes, the median earnings of the employed New Zealand population were calculated for age groups matching the median age of graduate groups in each year.
B22: 6. All median earnings were rounded to the nearest dollar. Percentages presented here are based on rounded earnings and are shown as whole numbers.

Sheet F4
A1: index
B2: Percentage of borrowers who have fully repaid having left study in the year shown
B4: Exit Year | C4: 2023 | D4: 2022 | E4: 2021 | F4: 2020 | G4: 2019 | H4: 2018 | I4: 2017 | J4: 2016 | K4: 2015 | L4: 2014 | M4: 2013 | N4: 2012 | O4: 2011 | P4: 2010 | Q4: 2009 | R4: 2008 | S4: 2007 | T4: 2006 | U4: 2005 | V4: 2004 | W4: 2003
B5: 2003 | C5: 0.83970841 | D5: 0.8293102 | E5: 0.81883643 | F5: 0.80754439 | G5: 0.79404304 | H5: 0.77800507 | I5: 0.75640291 | J5: 0.73962851 | K5: 0.72064479 | L5: 0.69846985 | M5: 0.67294002 | N5: 0.64258244 | O5: 0.60723345 | P5: 0.57147533 | Q5: 0.53301694 | R5: 0.48523034 | S5: 0.42950659 | T5: 0.36789133 | U5: 0.29334752 | V5: 0.2265772 | W5: 0.11873005
B6: 2007 | C6: 0.79779149 | D6: 0.78206789 | E6: 0.76794506 | F6: 0.75142524 | G6: 0.73296191 | H6: 0.70853848 | I6: 0.67828453 | J6: 0.6495206 | K6: 0.61699922 | L6: 0.57935994 | M6: 0.53472402 | N6: 0.48302669 | O6: 0.41992744 | P6: 0.35060897 | Q6: 0.27934698 | R6: 0.19895051 | S6: 0.097693703
B7: 2011 | C7: 0.74973701 | D7: 0.72702066 | E7: 0.70394978 | F7: 0.67554277 | G7: 0.63960241 | H7: 0.5954486 | I7: 0.54083181 | J7: 0.48260528 | K7: 0.41919958 | L7: 0.35071933 | M7: 0.27533351 | N7: 0.19591943 | O7: 0.1043683
B8: 2015 | C8: 0.65926568 | D8: 0.60945799 | E8: 0.55480039 | F8: 0.48694957 | G8: 0.40750471 | H8: 0.32463305 | I8: 0.23981952 | J8: 0.15717631 | K8: 0.07556114
B9: 2019 | C9: 0.43699213 | D9: 0.35122499 | E9: 0.27411009 | F9: 0.18733246 | G9: 0.091453151
B10: Source: Stats New Zealand IDI | Tatauranga Aotearoa
B11: Refer Figure 4, Part 1, Page 18 of the Student Loan Scheme Annual Report 2024/25
B12: Notes:
B13: 1. The leaving cohorts are those who last studied in 2003, 2007, 2011, 2015 and 2019, had borrowed from the Scheme, and had a student loan balance of more than $20 at 31 March in the following year.
B14: 2. Full repayment is deemed to occur when the student loan balance has fallen to $20 or below.

Sheet F5
A1: index
B2: Enrolment by domestic students in tertiary education
B4: Years | C4: Students | D4: EFTS
B5: 2024 | C5: 350640 | D5: 218766.79
B6: 2023 | C6: 347228 | D6: 213472.79
B7: 2022 | C7: 343835 | D7: 218443.38
B8: 2021 | C8: 358652 | D8: 233509.4
B9: 2020 | C9: 329123 | D9: 212846.91
B10: 2019 | C10: 328138 | D10: 215669.08
B11: 2018 | C11: 336179 | D11: 220563.93
B12: 2017 | C12: 343656 | D12: 223312.06
B13: 2016 | C13: 353582 | D13: 230793.08
B14: 2015 | C14: 358122 | D14: 233487.28
B15: 2014 | C15: 363144 | D15: 239738.5
B16: 2013 | C16: 368814 | D16: 244817.52
... B35: 1994 | C35: 245916 | D35: 139766.5
B36: Source: Ministry of Education | Te Tāhuhu o te Mātauranga
B37: Refer to Figure 5, Part 1, Page 20 of the Student Loan Scheme Annual Report 2024/25
B38: Notes:
B39: 1. Data relates to domestic students enrolled at any time during the year.
B40: 2. Participation excludes industry training, non-government-funded private training establishments (PTEs), formal courses of a week or less, and all non-formal learning.
B41: 3. The difference between student numbers and EFTS numbers relates to the proportion of part-time students enrolled and the study load they enrol for.
B42: 4. These figures have been restated and so might not agree with previous annual reports.

Sheet T2
A1: index
B2: Participation by domestic students in tertiary education
B4: Participation and completion | D4: 2022 | E4: 2023 | F4: 2024
B5: Domestic students | C5: Total (000) | D5: 344 | E5: 347 | F5: 351
B6: participating in tertiary | C6: 20 years old and under | D6: 83 | E6: 86 | F6: 90
B7: education | C7: 21-26 years old | D7: 97 | E7: 95 | F7: 94
C8: 27-50 years old | D8: 134 | E8: 136 | F8: 136
C9: Over 50 years old | D9: 31 | E9: 31 | F9: 30
C10: Female | D10: 210 | E10: 205 | F10: 207
C11: Male | D11: 132 | E11: 140 | F11: 141
C12: Another gender | D12: 2 | E12: 2 | F12: 3
C13: Māori | D13: 71 | E13: 74 | F13: 78
C14: Pacific people | D14: 34 | E14: 34 | F14: 36
C15: European | D15: 215 | E15: 211 | F15: 208
C16: Asian | D16: 63 | E16: 66 | F16: 70
B17: Domestic students | C17: Non-degree | D17: 67 | E17: 68 | F17: 71
B18: completing qualifications (000) | C18: Bachelors | D18: 26 | E18: 27 | F18: 27
C19: Postgraduate | D19: 16 | E19: 15 | F19: 17
C20: Total | D20: 109 | E20: 110 | F20: 115
B21: Source: Ministry of Education | Te Tāhuhu o te Mātauranga
B22: Refer to Table 2, Part 1, Page 21 of the Student Loan Scheme Annual Report 2024/25
B23: Notes:
B24: 1. This data relates to domestic students enrolled at any time during the year.
B25: 2. Participation excludes industry training, non-Government-funded PTEs, formal courses of a week or less, and all non-formal learning.
B26: 3. A small number of students complete qualifications at different levels in the same year, so the sum of the three levels may be higher than the number of students completing their qualifications in a given year.
B27: 4. Students are counted in each ethnic group they identify with, so the sum of the various ethnic groups may not add up to the total.
B28: 5. Data in this table, including totals, has been rounded so the sum of individual counts may not add up to the total.
B29: 6. Figures for historical years may differ from those published in previous Student Loan Annual Reports due to subsequent data updates.

Sheet T2.1
A1: This table is produced online only
A2: index | B2: Trends in level of study among borrowers in 2024
B4: Qualification level | C4: Number of students
B5: Level 1-3 Certificates | C5: 4101
B6: Level 4 Certificates | C6: 6327
B7: Level 5-7 Diplomas | C7: 10179
B8: Level 7 Bachelors | C8: 78933
B9: Level 8 Honours/Postgrad cert/dip | C9: 13242
B10: Level 9 Masters | C10: 7722
B11: Level 10 Doctorates | C11: 1167
B12: Missing | C12: 108
B13: Total | C13: 121779
B16: Qualification | C16: 2006 | D16: 2007 | E16: 2008 | F16: 2009 | G16: 2010 | H16: 2011 | I16: 2012 | J16: 2013 | K16: 2014 | L16: 2015 | M16: 2016 | N16: 2017 | O16: 2018 | P16: 2019 | Q16: 2020 | R16: 2021 | S16: 2022 | T16: 2023 | U16: 2024
B17: Bachelors degrees or higher | C17: 0.561 | D17: 0.566 | E17: 0.601 | F17: 0.595 | G17: 0.606 | H17: 0.619 | I17: 0.644 | J17: 0.662 | K17: 0.68 | L17: 0.692 | M17: 0.71 | N17: 0.726 | O17: 0.751 | P17: 0.768 | Q17: 0.768 | R17: 0.8 | S17: 0.841 | T17: 0.8424056 | U17: 0.83
B18: Level 1–4 certificates | C18: 0.3 | D18: 0.266 | E18: 0.278 | F18: 0.258 | G18: 0.256 | H18: 0.248 | I18: 0.231 | J18: 0.223 | K18: 0.209 | L18: 0.199 | M18: 0.183 | N18: 0.171 | O18: 0.145 | P18: 0.131 | Q18: 0.132 | R18: 0.108 | S18: 0.078 | T18: 0.075423014 | U18: 0.086
B19: Source: Ministry of Social Development | Te Manatū Whakahiato ora and Ministry of Education | Te Tāhuhu o te Mātauranga
B20: This is a supporting table for Table 2, Part 1, Page 21 of the Student Loan Scheme Annual Report 2024/25
B21: Notes:
B22: 1. Students studying for more than one qualification are listed under the highest.
B23: 2. The counts of borrowers have been randomly rounded to base 3.

Sheet T2.2
A1: This table is produced online only
A2: index | B2: Trends in the age profile of borrowers
B4: Age groups | C4: 2000 | D4: 2001 | E4: 2002 | F4: 2003 | G4: 2004 | H4: 2005 | I4: 2006 | J4: 2007 | K4: 2008 | L4: 2009 | M4: 2010 | N4: 2011 | O4: 2012 | P4: 2013 | Q4: 2014 | R4: 2015 | S4: 2016 | T4: 2017 | U4: 2018 | V4: 2019 | W4: 2020 | X4: 2021 | Y4: 2022 | Z4: 2023 | AA4: 2024
B5: Under 18 | C5: 3206 | D5: 4143 | E5: 4473 | F5: 4246 | G5: 4148 | H5: 3942 | I5: 4147 | J5: 4333 | K5: 4033 | L5: 3978 | M5: 3059 | N5: 2602 | O5: 2347 | P5: 2031 | Q5: 1632 | R5: 1440 | S5: 1199 | T5: 1146 | U5: 574 | V5: 429 | W5: 411 | X5: 315 | Y5: 222 | Z5: 216 | AA5: 333
B6: 18 - 20 | C6: 37546 | D6: 41677 | E6: 41938 | F6: 42645 | G6: 42512 | H6: 42483 | I6: 47571 | J6: 51534 | K6: 54502 | L6: 60415 | M6: 63525 | N6: 62655 | O6: 62366 | P6: 61330 | Q6: 59989 | R6: 59121 | S6: 58365 | T6: 56279 | U6: 45876 | V6: 42056 | W6: 40269 | X6: 38046 | Y6: 33891 | Z6: 32244 | AA6: 34035
B7: 21 - 23 | C7: 30981 | D7: 34408 | E7: 35762 | F7: 37259 | G7: 37456 | H7: 37202 | I7: 39804 | J7: 41566 | K7: 43726 | L7: 48787 | M7: 53398 | N7: 53833 | O7: 54184 | P7: 52761 | Q7: 52042 | R7: 51244 | S7: 50204 | T7: 48818 | U7: 47718 | V7: 47210 | W7: 47154 | X7: 47730 | Y7: 43155 | Z7: 39510 | AA7: 38841
B8: 24 - 26 | C8: 13421 | D8: 15422 | E8: 15531 | F8: 16591 | G8: 16780 | H8: 16445 | I8: 17593 | J8: 18185 | K8: 18902 | L8: 21646 | M8: 23199 | N8: 22767 | O8: 22329 | P8: 21747 | Q8: 21459 | R8: 21478 | S8: 20658 | T8: 19615 | U8: 18252 | V8: 17780 | W8: 18378 | X8: 19467 | Y8: 17064 | Z8: 15375 | AA8: 15318
B9: 27 - 29 | C9: 9223 | D9: 10736 | E9: 10453 | F9: 11079 | G9: 10933 | H9: 10446 | I9: 10963 | J9: 11198 | K9: 11617 | L9: 13523 | M9: 15104 | N9: 14099 | O9: 13078 | P9: 12118 | Q9: 11933 | R9: 11903 | S9: 11650 | T9: 11206 | U9: 10857 | V9: 10511 | W9: 10674 | X9: 10743 | Y9: 9228 | Z9: 8142 | AA9: 7923
B10: 30 - 32 | C10: 7247 | D10: 8914 | E10: 9004 | F10: 9313 | G10: 9259 | H10: 8264 | I10: 8412 | J10: 8280 | K10: 8390 | L10: 9549 | M10: 10450 | N10: 10025 | O10: 9447 | P10: 8930 | Q10: 8437 | R10: 8046 | S10: 7790 | T10: 7606 | U10: 7250 | V10: 7476 | W10: 7758 | X10: 7593 | Y10: 6423 | Z10: 5859 | AA10: 5550
B11: 33 - 35 | C11: 6086 | D11: 7310 | E11: 7196 | F11: 7673 | G11: 7753 | H11: 7273 | I11: 7472 | J11: 7149 | K11: 6956 | L11: 7548 | M11: 7981 | N11: 7759 | O11: 7293 | P11: 6807 | Q11: 6500 | R11: 6234 | S11: 5929 | T11: 5764 | U11: 5562 | V11: 5456 | W11: 5829 | X11: 5664 | Y11: 4923 | Z11: 4845 | AA11: 4773
B12: 36 - 38 | C12: 5722 | D12: 6508 | E12: 6200 | F12: 6460 | G12: 6350 | H12: 6058 | I12: 6166 | J12: 6157 | K12: 6050 | L12: 6812 | M12: 7245 | N12: 6723 | O12: 6109 | P12: 5404 | Q12: 5123 | R12: 5066 | S12: 4698 | T12: 4552 | U12: 4295 | V12: 4345 | W12: 4635 | X12: 4464 | Y12: 3822 | Z12: 3732 | AA12: 3780
B13: 39 - 41 | C13: 4430 | D13: 5466 | E13: 5507 | F13: 5736 | G13: 5572 | H13: 5118 | I13: 5269 | J13: 5223 | K13: 5233 | L13: 5909 | M13: 6451 | N13: 6174 | O13: 5589 | P13: 4982 | Q13: 4528 | R13: 4299 | S13: 3949 | T13: 3621 | U13: 3542 | V13: 3468 | W13: 3588 | X13: 3495 | Y13: 3018 | Z13: 3003 | AA13: 3072
B14: 42 - 44 | C14: 3395 | D14: 4213 | E14: 4234 | F14: 4416 | G14: 4758 | H14: 4625 | I14: 4875 | J14: 4765 | K14: 4301 | L14: 4871 | M14: 5208 | N14: 5209 | O14: 4743 | P14: 4401 | Q14: 4070 | R14: 3810 | S14: 3406 | T14: 3088 | U14: 2835 | V14: 2793 | W14: 2877 | X14: 2655 | Y14: 2361 | Z14: 2235 | AA14: 2355
B15: 45 - 47 | C15: 2516 | D15: 3115 | E15: 3163 | F15: 3374 | G15: 3621 | H15: 3575 | I15: 3854 | J15: 4079 | K15: 4147 | L15: 4391 | M15: 4559 | N15: 4267 | O15: 3965 | P15: 3515 | Q15: 3388 | R15: 3257 | S15: 2944 | T15: 2773 | U15: 2609 | V15: 2409 | W15: 2304 | X15: 2157 | Y15: 1710 | Z15: 1812 | AA15: 1860
... B22: Total | C22: 128107 | D22: 148142 | E22: 150526 | F22: 156250 | G22: 157032 | H22: 154411 | I22: 167420 | J22: 173791 | K22: 178533 | L22: 198738 | M22: 212485 | N22: 207330 | O22: 201187 | P22: 192257 | Q22: 186477 | R22: 182537 | S22: 176938 | T22: 170037 | U22: 154608 | V22: 149229 | W22: 148905 | X22: 146994 | Y22: 129711 | Z22: 120918 | AA22: 121782
C25: 2006 | D25: 2007 | E25: 2008 | F25: 2009 | G25: 2010 | H25: 2011 | I25: 2012 | J25: 2013 | K25: 2014 | L25: 2015 | M25: 2016 | N25: 2017 | O25: 2018 | P25: 2019 | Q25: 2020 | R25: 2021 | S25: 2022 | T25: 2023 | U25: 2024
B26: Borrowers aged 26 or younger | C26: 109115 | D26: 115618 | E26: 121163 | F26: 134826 | G26: 143181 | H26: 141857 | I26: 141226 | J26: 137869 | K26: 135122 | L26: 133283 | M26: 130426 | N26: 125858 | O26: 112420 | P26: 107475 | Q26: 106212 | R26: 105558 | S26: 94332 | T26: 87345 | U26: 88527
B27: Percentage of borrowers aged 26 or younger | C27: 0.6517 | D27: 0.6653 | E27: 0.6787 | F27: 0.6784 | G27: 0.6738 | H27: 0.6842 | I27: 0.702 | J27: 0.7171 | K27: 0.7246 | L27: 0.7302 | M27: 0.7371 | N27: 0.7402 | O27: 0.7271 | P27: 0.7202 | Q27: 0.7133 | R27: 0.7181 | S27: 0.7272 | T27: 0.72234903 | U27: 0.72693009
B28: Source: Ministry of Social Development | Te Manatū Whakahiato ora
B29: This is a supporting table for Table 2, Part 1, Page 21 of the Student Loan Scheme Annual Report 2024/25
B30: Notes:
B31: 1. The counts of borrowers from 2020 onwards have been randomly rounded to base 3.

Sheet T3
A1: index
B2: Demographic characteristics of all active student loan borrowers
B4: All active borrowers | D4: 2023 | E4: 2024 | F4: 2023 - 2024 change
F5: No. | G5: %
B6: Total number | D6: 120918 | E6: 121779 | F6: 861 | G6: 0.007120528
B7: Gender | C7: Female | D7: 75855 | E7: 75435 | F7: -420 | G7: -0.0055368796
C8: Male | D8: 43866 | E8: 44844 | F8: 978 | G8: 0.022295172
C9: Another gender | D9: 1197 | E9: 1500 | F9: 303 | G9: 0.25313283
B10: Age | C10: Average age | D10: 26 | E10: 26
C11: Median age | D11: 22 | E11: 22
C12: 20 years and under | D12: 32460 | E12: 34368 | F12: 1908 | G12: 0.058780037
C13: 21-26 years | D13: 54885 | E13: 54159 | F13: -726 | G13: -0.013227658
C14: 27-50 years | D14: 31035 | E14: 30759 | F14: -276 | G14: -0.0088931851
C15: Over 50 years | D15: 2535 | E15: 2499 | F15: -36 | G15: -0.014201183
C16: 20 years and under (%) | D16: 26.845305 | E16: 28.220224
C17: 21-26 years (%) | D17: 45.391391 | E17: 44.470994
C18: 27-50 years (%) | D18: 25.666791 | E18: 25.256805
C19: Over 50 years (%) | D19: 2.0965141 | E19: 2.0519768
B20: Ethnic group | C20: European (%) | D20: 64.221208 | E20: 63.701532
C21: Māori (%) | D21: 16.377214 | E21: 17.147854
C22: Pacific (%) | D22: 9.0185084 | E22: 9.3930137
C23: Asian (%) | D23: 18.106485 | E23: 18.862393
C24: Other (%) | D24: 4.6767231 | E24: 4.8726413
B25: Source: Ministry of Social Development | Te Manatū Whakahiato ora
B26: Refer to Table 3, Part 1, Page 23 of the Student Loan Scheme Annual Report 2024/25
B27: Notes:
B28: 1. All percentages are of all active borrowers.
B29: 2. Active student loan borrowers are those who borrowed from the Scheme in the calendar year.
B30: 3. Borrowers can select more than one ethnic group, so the sum of all ethnic groups may not add up to 100 percent
B31: 4. ‘Other’ includes borrowers who identified themselves with three or more ethnic groups.
B32: 5. The counts of borrowers have been randomly rounded to base 3 and may not appear to add up to the total. The age-group counts are sums of individual age-level counts that are each randomly rounded to base 3. additional uncertainity in these numbers.

Sheet T3.1
A1: This table is produced online only
A2: index | B2: Demographic characteristics of new active student loan borrowers
B4: New active borrowers | D4: 2023 | E4: 2024 | F4: 2023 - 2024 change
F5: No. | G5: %
B6: Total number | D6: 27879 | E6: 31473 | F6: 3594 | G6: 0.12891424
B7: Gender | C7: Female | D7: 16233 | E7: 18288 | F7: 2055 | G7: 0.12659398
C8: Male | D8: 11286 | E8: 12777 | F8: 1491 | G8: 0.13211058
C9: Another gender | D9: 360 | E9: 408 | F9: 48 | G9: 0.13333333
B10: Age | C10: Average age | D10: 22 | E10: 22
C11: Median age | D11: 20 | E11: 20
C12: 20 years and under | D12: 18975 | E12: 21249 | F12: 2274 | G12: 0.1198419
C13: 21-26 years | D13: 5079 | E13: 6180 | F13: 1101 | G13: 0.21677496
C14: 27-50 years | D14: 3369 | E14: 3594 | F14: 225 | G14: 0.066785396
C15: Over 50 years | D15: 453 | E15: 459 | F15: 6 | G15: 0.013245033
C16: 20 years and under (%) | D16: 68.069307 | E16: 67.495712
C17: 21-26 years (%) | D17: 18.219974 | E17: 19.630265
C18: 27-50 years (%) | D18: 12.085665 | E18: 11.416047
C19: Over 50 years (%) | D19: 1.6250538 | E19: 1.457976
B20: Ethnic group | C20: European (%) | D20: 63.80071 | E20: 62.30102
C21: Māori (%) | D21: 14.860648 | E21: 16.261558
C22: Pacific people (%) | D22: 8.6086302 | E22: 9.4652559
C23: Asian (%) | D23: 21.241795 | E23: 20.84644
C24: Other (%) | D24: 4.5840956 | E24: 5.0996092
B25: Source: Ministry of Social Development | Te Manatū Whakahiato ora
B26: This is a supporting table for Table 3, Part 1, Page 23 of the Student Loan Scheme Annual Report 2024/25
B27: Notes:
B28: 1. New active borrowers are those entering the loan scheme for the first time ever.
B29: 2. Borrowers can select more than one ethnic group so the sum of all ethnic groups may not add to 100 percent.
B30: 3. Other includes borrowers who identified themselves with three or more ethnic groups.
B31: 4. All percentages are of total new active borrowers.
B32: 5. The counts of borrowers have been randomly rounded to base 3 and may not appear to add. The age group counts are sums of smaller age range counts which are each randomly rounded to base 3. This means there is additional uncertainity in the age range counts.

Sheet F6
A1: This table is produced online only
A2: index | B2: Number of students eligible to borrow, number borrowing and the uptake rate (full-time and part-time students)
B4: Year | C4: Full-time students eligible to borrow | D4: Full-time student borrowing uptake | E4: Full-time uptake rate | F4: Part-time students eligible to borrow | G4: Part-time student borrowing uptake | H4: Part-time uptake rate
B5: 2024 | C5: 178963 | D5: 104087 | E5: 0.58161184 | F5: 72344 | G5: 17699 | H5: 0.24465056
B6: 2023 | C6: 174077 | D6: 102098 | E6: 0.58651057 | F6: 72769 | G6: 18820 | H6: 0.25862661
B7: 2022 | C7: 181925 | D7: 109285 | E7: 0.60071458 | F7: 77431 | G7: 20423 | H7: 0.26375741
B8: 2021 | C8: 198252 | D8: 125459 | E8: 0.6328259 | F8: 77845 | G8: 21542 | H8: 0.2767294
B9: 2020 | C9: 181580 | D9: 127583 | E9: 0.70262694 | F9: 70252 | G9: 21318 | H9: 0.30345044
B10: 2019 | C10: 185467 | D10: 127921 | E10: 0.68972378 | F10: 64184 | G10: 21308 | H10: 0.33198305
B11: 2018 | C11: 186119 | D11: 133863 | E11: 0.71923339 | F11: 62707 | G11: 20745 | H11: 0.33082431
B12: 2017 | C12: 182438 | D12: 146550 | E12: 0.8032866 | F12: 64211 | G12: 23487 | H12: 0.36577845
B13: 2016 | C13: 188566 | D13: 152561 | E13: 0.8090589 | F13: 65171 | G13: 24377 | H13: 0.37404674
B14: 2015 | C14: 191102 | D14: 158417 | E14: 0.82896568 | F14: 64706 | G14: 24120 | H14: 0.37276296
B15: 2014 | C15: 194704 | D15: 162850 | E15: 0.83639781 | F15: 62969 | G15: 23627 | H15: 0.37521638
B16: 2013 | C16: 198543 | D16: 167666 | E16: 0.84448205 | F16: 61919 | G16: 24591 | H16: 0.39714789
... B29: 2000 | C29: 145308 | D29: 115839 | E29: 0.7971963 | F29: 48043 | G29: 12268 | H29: 0.25535458
B30: Source: Ministry of Social Development | Te Manatū Whakahiato ora and Ministry of Education | Te Tāhuhu o te Mātauranga
B31: Refer to Figure 6, Part 1, Page 24 of the Student Loan Scheme Annual Report 2024/25

Sheet F6.1
A1: This table is produced online only
A2: index | B2: Number of students eligible to borrow, number borrowing and the uptake rate
B4: Year | C4: Students eligible to borrow | D4: Borrowing uptake | E4: Uptake rate
B5: 2024 | C5: 251307 | D5: 121779 | E5: 0.4845826
B6: 2023 | C6: 246846 | D6: 120918 | E6: 0.48985197
B7: 2022 | C7: 259356 | D7: 129708 | E7: 0.50011567
B8: 2021 | C8: 276097 | D8: 146994 | E8: 0.53239984
B9: 2020 | C9: 251832 | D9: 148905 | E9: 0.59128705
B10: 2019 | C10: 249651 | D10: 149229 | E10: 0.59775046
B11: 2018 | C11: 248826 | D11: 154608 | E11: 0.62134986
B12: 2017 | C12: 246649 | D12: 170037 | E12: 0.68938856
B13: 2016 | C13: 253737 | D13: 176938 | E13: 0.69732834
B14: 2015 | C14: 255808 | D14: 182537 | E14: 0.71357033
B15: 2014 | C15: 257673 | D15: 186477 | E15: 0.72369631
B16: 2013 | C16: 260462 | D16: 192257 | E16: 0.73813838
... B29: 2000 | C29: 193351 | D29: 128107 | E29: 0.66256187
B30: Source: Ministry of Social Development | Te Manatū Whakahiato ora and Ministry of Education | Te Tāhuhu o te Mātauranga
B31: This is a supporting table for Figure 6, Part 1, Page 24 of the Student Loan Scheme Annual Report 2024/25
B32: Notes:
B33: 1. Overall uptake rate reflects the mix of full-time and part-time students.
B34: 2. The borrowing uptake figure from 2020 onwards has been randomly rounded to base 3.

Sheet F7
A1: This table is produced online only
A2: index | B2: Total amounts drawn by loan component
B4: Year | C4: Course Fees | D4: Living Costs | E4: Course-related Costs
B5: 2024 | C5: 8.1986718e+08 | D5: 5.8062025e+08 | E5: 64727155
B6: 2023 | C6: 7.9573776e+08 | D6: 5.2405128e+08 | E6: 64597147
B7: 2022 | C7: 802501741 | D7: 504397395 | E7: 72021979
B8: 2021 | C8: 874331603 | D8: 528015445 | E8: 87935086
B9: 2020 | C9: 870618548 | D9: 502229689 | E9: 178776774
B10: 2019 | C10: 866133763 | D10: 503732911 | E10: 93799443
B11: 2018 | C11: 845089395 | D11: 497611692 | E11: 100164688
B12: 2017 | C12: 1039317480 | D12: 409671677 | E12: 108884300
B13: 2016 | C13: 1060187209 | D13: 417357647 | E13: 113909186
B14: 2015 | C14: 1072996999 | D14: 420635872 | E14: 118075657
B15: 2014 | C15: 1052825086 | D15: 417261354 | E15: 120270874
B16: 2013 | C16: 1056461915 | D16: 408732069 | E16: 122112645
... B29: 2000 | C29: 468864957 | D29: 241736567 | E29: 65008000
B30: Source: Ministry of Social Development | Te Manatū Whakahiato ora
B31: Refer to Figure 7, Part 1, Page 25 of the Student Loan Scheme Annual Report 2024/25

Sheet F7.1
A1: This table is produced online only
A2: index | B2: Average and median amounts borrowed by component
C4: 2010 | D4: 2011 | E4: 2012 | F4: 2013 | G4: 2014 | H4: 2015 | I4: 2016 | J4: 2017 | K4: 2018 | L4: 2019 | M4: 2020 | N4: 2021 | O4: 2022 | P4: 2023 | Q4: 2024
C5: Course fees ($)
B6: Average | C6: 5076 | D6: 5441 | E6: 5571 | F6: 5850 | G6: 6074 | H6: 6323 | I6: 6453 | J6: 6558 | K6: 6662 | L6: 6853 | M6: 7013 | N6: 7233 | O6: 7378 | P6: 7638 | Q6: 7944
B7: Median | C7: 5084 | D7: 5422 | E7: 5666 | F7: 5925 | G7: 6189 | H7: 6426 | I7: 6610 | J7: 6758 | K7: 6790 | L7: 6977 | M7: 7186 | N7: 7361 | O7: 7517 | P7: 7751 | Q7: 8027
C8: Living costs ($)
B9: Average | C9: 3832 | D9: 3710 | E9: 3774 | F9: 3944 | G9: 4036 | H9: 4179 | I9: 4259 | J9: 4351 | K9: 5513 | L9: 5796 | M9: 5842 | N9: 6107 | O9: 6633 | P9: 7415 | Q9: 7979
B10: Median | C10: 3851 | D10: 3537 | E10: 3599 | F10: 3800 | G10: 3958 | H10: 4250 | I10: 4460 | J10: 4643 | K10: 5983 | L10: 6460 | M10: 6421 | N10: 7000 | O10: 7600 | P10: 8600 | Q10: 9333
C11: Course-related costs ($)
B12: Average | C12: 992 | D12: 990 | E12: 988 | F12: 988 | G12: 987 | H12: 988 | I12: 985 | J12: 982 | K12: 981 | L12: 981 | M12: 1816 | N12: 984 | O12: 977 | P12: 981 | Q12: 983
B13: Median | C13: 1000 | D13: 1000 | E13: 1000 | F13: 1000 | G13: 1000 | H13: 1000 | I13: 1000 | J13: 1000 | K13: 1000 | L13: 1000 | M13: 2000 | N13: 1000 | O13: 1000 | P13: 1000 | Q13: 1000
B14: Source: Ministry of Social Development | Te Manatū Whakahiato ora
B15: This is a supporting table for Figure 7, Part 1, Page 25 of the Student Loan Scheme Annual Report 2024/25

Sheet T4
A1: index
B2: Amount borrowed by loan component and sub-sector
B4: 2024 | C4: Sub-sector | D4: Number of borrowers | E4: Borrowing amount ($ million) | F4: Average borrowing ($)
B5: Course fees | C5: University | D5: 72351 | E5: 612.20126 | F5: 8461.5453
C6: Te Pūkenga | D6: 20589 | E6: 121.21979 | F6: 5887.5996
C7: Wānanga | D7: 1104 | E7: 5.0302448 | F7: 4556.3812
C8: PTE | D8: 9162 | E8: 81.315287 | F8: 8875.2769
C9: Total | D9: 103206 | E9: 819.8 | F9: 7943.3366
B10: Course-related costs | C10: University | D10: 42642 | E10: 41.659659 | F10: 976.96308
C11: Te Pūkenga | D11: 14916 | E11: 14.689697 | F11: 984.82816
C12: Wānanga | D12: 1539 | E12: 1.538307 | F12: 999.54971
C13: PTE | D13: 6747 | E13: 6.8394917 | F13: 1013.7086
C14: Total | D14: 65844 | E14: 64.7 | F14: 982.6256
B15: Living costs | C15: University | D15: 54209.235 | E15: 460.5832 | F15: 8496.3973
C16: Te Pūkenga | D16: 11733.484 | E16: 77.467248 | F16: 6602.2376
C17: Wānanga | D17: 822.03389 | E17: 5.9472911 | F17: 7234.849
C18: PTE | D18: 6003.2475 | E18: 36.602263 | F18: 6097.0771
C19: Total | D19: 72768 | E19: 580.6 | F19: 7978.7819
B20: Totals | C20: University | D20: 84423.239 | E20: 1114.4496 | F20: 13200.745
C21: Te Pūkenga | D21: 24016.775 | E21: 213.33432 | F21: 8882.7213
C22: Wānanga | D22: 1914.1415 | E22: 12.519047 | F22: 6540.2934
C23: PTE | D23: 11424.844 | E23: 124.69699 | F23: 10914.546
C24: Total | D24: 121779 | E24: 1465 | F24: 12029.989
B25: Source: Ministry of Social Development | Te Manatū Whakahiato ora
B26: Refer to Table 4, Part 1, Page 26 of the Student Loan Scheme Annual Report 2024/25
B27: Notes:
B28: 1. PTE stands for Private Training Establishment.
B29: 2. Borrowing amount does not include establishment fees.
B30: 3. Total is a count of unique individuals.
B40: Date | C40: Calendar_Year | D40: Tot_Bor_Dollar_Uni | E40: Tot_Bor_Dollar_Poly | F40: Tot_Bor_Dollar_Wan
B41: 44592 | C41: 2022 | D41: 69984872 | E41: 17237407 | F41: 152555.93
B42: 44620 | C42: 2022 | D42: 3.4705372e+08 | E42: 59978375 | F42: 974457.59
B43: 44651 | C43: 2022 | D43: 1.3734845e+08 | E43: 22917352 | F43: 2028245.5
B44: 44681 | C44: 2022 | D44: 85736423 | E44: 17041984 | F44: 2343377.1
B45: 44712 | C45: 2022 | D45: 56488207 | E45: 10923388 | F45: 1010031.3
B46: 44742 | C46: 2022 | D46: 60249082 | E46: 11263921 | F46: 1263592.5
B47: 44773 | C47: 2022 | D47: 76801089 | E47: 17019359 | F47: 798902.33
B48: 44804 | C48: 2022 | D48: 56780193 | E48: 13813831 | F48: 909978.07
B49: 44834 | C49: 2022 | D49: 48506073 | E49: 9583179.6 | F49: 726347.94
B50: 44865 | C50: 2022 | D50: 46113189 | E50: 9460148.1 | F50: 679676.73
B51: 44895 | C51: 2022 | D51: 44126933 | E51: 8711850.7 | F51: 631555.79
B52: 44926 | C52: 2022 | D52: 26626873 | E52: 3018167 | F52: 197068.28
D53: =SUM(D41:D52)/1000000 -> 1055.8151 | E53: =SUM(E41:E52)/1000000 -> 200.96896 | F53: =SUM(F41:F52)/1000000 -> 11.715789
B54: 44957 | C54: 2023 | D54: 56395399 | E54: 30091306 | F54: 288487.46
B55: 44985 | C55: 2023 | D55: 3.3974749e+08 | E55: 47517464 | F55: 1768402.8
B56: 45016 | C56: 2023 | D56: 1.5653083e+08 | E56: 25547295 | F56: 1926558.8
B57: 45046 | C57: 2023 | D57: 65909464 | E57: 12679805 | F57: 1372297.7
B58: 45077 | C58: 2023 | D58: 62410250 | E58: 11644619 | F58: 968870.32
B59: 45107 | C59: 2023 | D59: 58715537 | E59: 11356682 | F59: 769960.89
B60: 45138 | C60: 2023 | D60: 84225941 | E60: 18484748 | F60: 715576.4
B61: 45169 | C61: 2023 | D61: 62140299 | E61: 15016140 | F61: 895545.7
B62: 45199 | C62: 2023 | D62: 47262515 | E62: 9483563.9 | F62: 694844.85
B63: 45230 | C63: 2023 | D63: 51172456 | E63: 9816789.4 | F63: 695000.71
B64: 45260 | C64: 2023 | D64: 43226449 | E64: 8910211.5 | F64: 689474.12
B65: 45291 | C65: 2023 | D65: 31043143 | E65: 3559209.6 | F65: 127059.19
D66: =SUM(D54:D65)/1000000 -> 1058.7798 | E66: =SUM(E54:E65)/1000000 -> 204.10783 | F66: =SUM(F54:F65)/1000000 -> 10.912079

Sheet T4.1
A1: This table is produced online only
A2: index | B2: Average course fees borrowed by sub-sector
C4: 2000 | D4: 2001 | E4: 2002 | F4: 2003 | G4: 2004 | H4: 2005 | I4: 2006 | J4: 2007 | K4: 2008 | L4: 2009 | M4: 2010 | N4: 2011 | O4: 2012 | P4: 2013 | Q4: 2014 | R4: 2015 | S4: 2016 | T4: 2017 | U4: 2018 | V4: 2019 | W4: 2020 | X4: 2021 | Y4: 2022 | Z4: 2023 | AA4: 2024
B5: Universities | C5: 3833 | D5: 3880 | E5: 3873 | F5: 3888 | G5: 4024 | H5: 4159 | I5: 4278 | J5: 4541 | K5: 4775 | L5: 4927 | M5: 5361 | N5: 5750 | O5: 6001 | P5: 6336 | Q5: 6569 | R5: 6847 | S5: 7088 | T5: 7083 | U5: 7233 | V5: 7441 | W5: 7623 | X5: 7688 | Y5: 7735 | Z5: 8094 | AA5: 8461.5453
B6: Institutes of technology and polytechnics | C6: 3193 | D6: 3268 | E6: 3597 | F6: 3955 | G6: 3523 | H6: 3708 | I6: 3713 | J6: 3873 | K6: 4030 | L6: 3901 | M6: 4162 | N6: 4562 | O6: 4344 | P6: 4431 | Q6: 4667 | R6: 4825 | S6: 4915 | T6: 5009 | U6: 5013 | V6: 5186 | W6: 5124 | X6: 5416 | Y6: 5664 | Z6: 5773 | AA6: 5887.5996
B7: Wānaga | C7: 3927 | D7: 4156 | E7: 4703 | F7: 3678 | G7: 3217 | H7: 3287 | I7: 3242 | J7: 3731 | K7: 3712 | L7: 3740 | M7: 4003 | N7: 4061 | O7: 3225 | P7: 3356 | Q7: 3267 | R7: 3475 | S7: 3476 | T7: 3645 | U7: 3932 | V7: 4007 | W7: 4077 | X7: 4271 | Y7: 4642 | Z7: 4400 | AA7: 4556.3812
B8: Private training establishments | C8: 5071 | D8: 5303 | E8: 5160 | F8: 5059 | G8: 5006 | H8: 5284 | I8: 5575 | J8: 5606 | K8: 5642 | L8: 5644 | M8: 5819 | N8: 6203 | O8: 6775 | P8: 7171 | Q8: 7213 | R8: 7513 | S8: 7557 | T8: 7696 | U8: 7565 | V8: 7518 | W8: 7932 | X8: 8338 | Y8: 8458 | Z8: 8552 | AA8: 8875.2769
B9: Source: Ministry of Social Development | Te Manatū Whakahiato ora
B10: This is a supporting table for Table 4, Part 1, Page 26 of the Student Loan Scheme Annual Report 2024/25
B11: Note:
B12: 1. Colleges of education are included with universities.
B13: 2. Borrowers are counted in each sub-sector they studied in during the year.
B14: 3. The counts of borrowers have been randomly rounded to base 3 and may not appear to add.

Sheet T4.2
A1: This table is produced online only
A2: index | B2: Student loan borrowers by level of qualification and average amount borrowed
C4: 2022 | E4: 2023 | G4: 2024
C5: Number of borrowers | D5: Average amount borrowerd ($) | E5: Number of borrowers | F5: Average amount borrowerd ($) | G5: Number of borrowers | H5: Average amount borrowerd ($)
B6: Doctorates | C6: 1254 | D6: 11106 | E6: 1203 | F6: 12193 | G6: 1167 | H6: 12860
B7: Masters, honours, postgraduates certificates and postgraduate diplomas | C7: 22524 | D7: 11765 | E7: 20739 | F7: 12609 | G7: 13242 | H7: 13429
B8: Bachelors degrees, graduate certificates and graduate diplomas | C8: 85317 | D8: 11337 | E8: 79920 | F8: 12152 | G8: 78933 | H8: 12818
B9: Level 5–7 certificates/diplomas | C9: 10461 | D9: 8212 | E9: 9861 | F9: 9194 | G9: 10179 | H9: 9817
B10: Level 1–4 certificates | C10: 10104 | D10: 5368 | E10: 9120 | F10: 5832 | G10: 10428 | H10: 6109
B11: Other | C11: 48 | D11: 4345 | E11: 78 | F11: 4053 | G11: 108 | H11: 4203
B12: Total borrower numbers | C12: 129711 | E12: 120918 | G12: 121779
B13: Average borrowed for all qualifications | D13: 10689 | F13: 11508 | H13: 12090
B14: Median borrowed for all qualifications | D14: 9255 | F14: 9858 | H14: 10337
B15: Source: Ministry of Social Development | Te Manatū Whakahiato ora
B16: This is a supporting table for Table 4, Part 1, Page 26 of the Student Loan Scheme Annual Report 2024/25
B17: Notes:
B18: 1. Borrowers are counted in the highest qualification level they studied in the year.
B19: 2. Amount borrowed includes establishment fees.
B20: 3. The counts of borrowers have been randomly rounded to base 3 and may not appear to add.

Sheet T4.3
A1: This table is produced online only
A2: index | B2: Number of students borrowing for living cost and receiving student allowances
C4: 2003 | D4: 2004 | E4: 2005 | F4: 2006 | G4: 2007 | H4: 2008 | I4: 2009 | J4: 2010 | K4: 2011 | L4: 2012 | M4: 2013 | N4: 2014 | O4: 2015 | P4: 2016 | Q4: 2017 | R4: 2018 | S4: 2019 | T4: 2020 | U4: 2021 | V4: 2022 | W4: 2023 | X4: 2024
B5: Student allowances only | C5: 42174 | D5: 40332 | E5: 38350 | F5: 39487 | G5: 40363 | H5: 42796 | I5: 52334 | J5: 61192 | K5: 60320 | L5: 57145 | M5: 47210 | N5: 44588 | O5: 43521 | P5: 41878 | Q5: 39289 | R5: 40633 | S5: 39710 | T5: 38748 | U5: 40389 | V5: 33690 | W5: 29325 | X5: 30063
B6: Student allowances and living costs | C6: 21862 | D6: 20494 | E6: 18456 | F6: 19944 | G6: 22116 | H6: 22906 | I6: 30299 | J6: 34753 | K6: 38951 | L6: 39763 | M6: 37889 | N6: 35084 | O6: 31530 | P6: 29150 | Q6: 26063 | R6: 24095 | S6: 22785 | T6: 22974 | U6: 22425 | V6: 17739 | W6: 16296 | X6: 17379
B7: Living costs only | C7: 57785 | D7: 57396 | E7: 55580 | F7: 61315 | G7: 65059 | H7: 65944 | I7: 66930 | J7: 66776 | K7: 62020 | L7: 61285 | M7: 65741 | N7: 68310 | O7: 69122 | P7: 68845 | Q7: 68098 | R7: 66172 | S7: 64122 | T7: 62988 | U7: 64041 | V7: 58308 | W7: 54375 | X7: 55389
B8: Source: Ministry of Social Development | Te Manatū Whakahiato ora and Ministry of Education | Te Tāhuhu o te Mātauranga
B9: This is a supporting table for Table 4, Part 1, Page 26 of the Student Loan Scheme Annual Report 2024/25
B10: Notes:
B11: 1. The counts of borrowers have been randomly rounded to base 3 and may not appear to add.

Sheet T4.4
A1: This table is produced online only
A2: index | B2: Student allowances compared with student loan living cost borrowing
B4: 2022 | C4: Number of students | D4: Average allowances ($) | E4: Average living costs loan ($) | F4: Average allowances and living costs loan ($)
B5: Student allowances only | C5: 30063 | D5: 14950 | F5: 14950
B6: Student allowances and living costs loan | C6: 17379 | D6: 12853 | E6: 3501 | F6: 16354
B7: Living costs loan only | C7: 55389 | E7: 9384 | F7: 9384
B8: Source: Ministry of Social Development | Te Manatū Whakahiato ora
B9: This is a supporting table for Table 4, Part 1, Page 26 of the Student Loan Scheme Annual Report 2024/25
B10: Notes:
B11: 1.The counts have been randomly rounded to base 3.

Sheet T4.5
A1: This table is produced online only
A2: index | B2: Amount borrowed by loan component and ethnicity
AB3: 2024
C4: Number of students | D4: Course fees | E4: Course related costs | F4: Living costs | G4: Administration fees | H4: Total amount borrowed | AB4: 147788886
B5: Māori | C5: 20880 | D5: 120935829 | E5: 13825939 | F5: 85181070 | G5: 1228800 | H5: 221171636 | AB5: 84564882
B6: Pacific people | C6: 11439 | D6: 71547146 | E6: 7660655 | F6: 43897342 | G6: 672480 | H6: 123777624 | AB6: 593846016
B7: European | C7: 77574 | D7: 518315994 | E7: 41121685 | F7: 420508446 | G7: 4555320 | H7: 984501445 | AB7: 152149149
B8: Asian | C8: 22974 | D8: 179291544 | E8: 9108567 | F8: 87573661 | G8: 1355040 | H8: 277328813 | AB8: 26648583
B9: Other | C9: 4392 | D9: 31542604 | E9: 2223681 | F9: 15247064 | G9: 259860 | H9: 49273208 | AB9: 70572399
B10: Source: Ministry of Social Development | Te Manatū Whakahiato ora | AB10: 38578187
B11: This is a supporting table for Table 4, Part 1, Page 26 of the Student Loan Scheme Annual Report 2024/25 | AB11: 376020102
B12: Notes: | AB12: 124684769
B13: 1.The counts have been randomly rounded to base 3. | AB13: 22131788
B14: 2. The ethnicity is reported using 'multiple response', meaning that people are counted in each broad ethnic group they identify with. | AB14: 2810351
AB15: 634557
AB16: 14635327
AB17: 1511997
AB18: 492837
AB19: 221171635
AB20: 123777623
AB21: 984501445
AB22: 277328813
AB23: 49273208

Sheet T4.6
A1: This table is produced online only
A2: index | B2: Amount borrowed by loan component, gender and ethnicity
B3: Gender | C3: Ethnicity | D3: 2000 | E3: 2001 | F3: 2002 | G3: 2003 | H3: 2004 | I3: 2005 | J3: 2006 | K3: 2007 | L3: 2008 | M3: 2009 | N3: 2010 | O3: 2011 | P3: 2012 | Q3: 2013 | R3: 2014 | S3: 2015 | T3: 2016 | U3: 2017 | V3: 2018 | W3: 2019 | X3: 2020 | Y3: 2021 | Z3: 2022 | AA3: 2023 | AB3: 2024
B4: Female | C4: Māori | D4: 66328073 | E4: 92068630 | F4: 88363444 | G4: 92421236 | H4: 97803982 | I4: 98941983 | J4: 105369277 | K4: 112713405 | L4: 118921172 | M4: 127539373 | N4: 152195831 | O4: 162951117 | P4: 161039331 | Q4: 165669150 | R4: 171934003 | S4: 171823437 | T4: 162471419 | U4: 158783629 | V4: 146935448 | W4: 146298802 | X4: 157865658 | Y4: 147725687 | Z4: 136547522 | AA4: 135957988 | AB4: 147788886
C5: Pacific people | D5: 28239428 | E5: 33391417 | F5: 36214496 | G5: 37979393 | H5: 40816265 | I5: 42565463 | J5: 47273315 | K5: 52862339 | L5: 57797768 | M5: 68302205 | N5: 77548524 | O5: 81920004 | P5: 86539915 | Q5: 91131825 | R5: 94262740 | S5: 100989177 | T5: 98200186 | U5: 97558160 | V5: 84484960 | W5: 85105384 | X5: 92756308 | Y5: 88335102 | Z5: 78841818 | AA5: 78328524 | AB5: 84564882
C6: European | D6: 223916071 | E6: 270955586 | F6: 282986665 | G6: 291759151 | H6: 309477515 | I6: 311664375 | J6: 343308780 | K6: 388727824 | L6: 420534884 | M6: 476503261 | N6: 544872916 | O6: 574178963 | P6: 585371110 | Q6: 602992855 | R6: 608115324 | S6: 619357793 | T6: 615644160 | U6: 600261735 | V6: 566356815 | W6: 565359682 | X6: 585411191 | Y6: 589905905 | Z6: 569038598 | AA6: 567328006 | AB6: 593846016
C7: Asian | D7: 30796750 | E7: 42148480 | F7: 50967238 | G7: 55005220 | H7: 62996044 | I7: 70273089 | J7: 88974067 | K7: 91946200 | L7: 94870386 | M7: 108309991 | N7: 123361767 | O7: 113895653 | P7: 111035083 | Q7: 114027558 | R7: 115601329 | S7: 119287934 | T7: 120859607 | U7: 123108200 | V7: 116177644 | W7: 121381062 | X7: 129320225 | Y7: 132194350 | Z7: 127823574 | AA7: 137972234 | AB7: 152149149
C8: Other | D8: 12373863 | E8: 16536298 | F8: 19374917 | G8: 19513719 | H8: 15087294 | I8: 13402222 | J8: 13957170 | K8: 14865182 | L8: 16475267 | M8: 18634963 | N8: 23511008 | O8: 24896061 | P8: 25329203 | Q8: 26706782 | R8: 26362875 | S8: 26691606 | T8: 25211145 | U8: 24774884 | V8: 25003721 | W8: 25470598 | X8: 27947590 | Y8: 27565384 | Z8: 25340195 | AA8: 25933832 | AB8: 26648583
B9: Male | C9: Māori | D9: 50340279 | E9: 66472465 | F9: 65410299 | G9: 64629300 | H9: 60274215 | I9: 58085063 | J9: 61120564 | K9: 65593900 | L9: 68896047 | M9: 82068309 | N9: 98994785 | O9: 107082407 | P9: 104243793 | Q9: 105156604 | R9: 102412291 | S9: 99792953 | T9: 93595470 | U9: 88846397 | V9: 76459793 | W9: 74123254 | X9: 76911413 | Y9: 68935953 | Z9: 61616741 | AA9: 64405595 | AB9: 70572399
C10: Pacific people | D10: 19782089 | E10: 25026530 | F10: 28176832 | G10: 28598670 | H10: 26206465 | I10: 26447816 | J10: 28560357 | K10: 31947594 | L10: 35128807 | M10: 41700060 | N10: 48068738 | O10: 51261762 | P10: 52464108 | Q10: 54542807 | R10: 53400187 | S10: 54206571 | T10: 52701984 | U10: 49270544 | V10: 41083228 | W10: 40303695 | X10: 42176490 | Y10: 38429881 | Z10: 32946739 | AA10: 34332812 | AB10: 38578187
C11: European | D11: 197060478 | E11: 240386151 | F11: 248969179 | G11: 252844974 | H11: 237658630 | I11: 233226621 | J11: 258173871 | K11: 289095308 | L11: 319125367 | M11: 365993131 | N11: 426383857 | O11: 453491601 | P11: 445533545 | Q11: 448972052 | R11: 446418603 | S11: 446820263 | T11: 442622822 | U11: 428741560 | V11: 391491272 | W11: 383680840 | X11: 386655476 | Y11: 366763575 | Z11: 339897058 | AA11: 350868302 | AB11: 376020102
C12: Asian | D12: 34441547 | E12: 44440993 | F12: 52008551 | G12: 55654442 | H12: 60444564 | I12: 66089696 | J12: 84196941 | K12: 88453052 | L12: 93713740 | M12: 107021663 | N12: 119311186 | O12: 109680409 | P12: 106712145 | Q12: 109751716 | R12: 109900429 | S12: 113565387 | T12: 113216092 | U12: 115127110 | V12: 107086151 | W12: 110531549 | X12: 115106525 | Y12: 110768793 | Z12: 105537009 | AA12: 113177559 | AB12: 124684769
C13: Other | D13: 15120176 | E13: 19482897 | F13: 22909177 | G13: 22721489 | H13: 16371031 | I13: 15229812 | J13: 15468415 | K13: 16433726 | L13: 18118795 | M13: 20946004 | N13: 26463495 | O13: 25760846 | P13: 24614229 | Q13: 25362077 | R13: 25481270 | S13: 24961611 | T13: 22609814 | U13: 22081299 | V13: 20170827 | W13: 20503561 | X13: 21232206 | Y13: 19110435 | Z13: 17920809 | AA13: 18893150 | AB13: 22131788
B14: Another gender | C14: Māori | D14: 0 | E14: 0 | F14: 0 | G14: 0 | H14: 0 | I14: 0 | J14: 0 | K14: 0 | L14: 0 | M14: 0 | N14: 0 | O14: 0 | P14: 0 | Q14: 0 | R14: 0 | S14: 0 | T14: 0 | U14: 0 | V14: 0 | W14: 58471 | X14: 731652 | Y14: 1016095 | Z14: 1342442 | AA14: 1984081 | AB14: 2810351
C15: Pacific people | D15: 0 | E15: 0 | F15: 0 | G15: 0 | H15: 0 | I15: 0 | J15: 0 | K15: 0 | L15: 0 | M15: 0 | N15: 0 | O15: 0 | P15: 0 | Q15: 0 | R15: 0 | S15: 0 | T15: 0 | U15: 0 | V15: 0 | W15: 0 | X15: 264373 | Y15: 302778 | Z15: 389303 | AA15: 489738 | AB15: 634557
C16: European | D16: 0 | E16: 0 | F16: 0 | G16: 0 | H16: 0 | I16: 0 | J16: 0 | K16: 0 | L16: 0 | M16: 0 | N16: 0 | O16: 0 | P16: 0 | Q16: 0 | R16: 0 | S16: 0 | T16: 0 | U16: 0 | V16: 0 | W16: 95566 | X16: 2535353 | Y16: 5492643 | Z16: 7894298 | AA16: 10922375 | AB16: 14635327
C17: Asian | D17: 0 | E17: 0 | F17: 0 | G17: 0 | H17: 0 | I17: 0 | J17: 0 | K17: 0 | L17: 0 | M17: 0 | N17: 0 | O17: 0 | P17: 0 | Q17: 0 | R17: 0 | S17: 0 | T17: 0 | U17: 0 | V17: 0 | W17: 2970 | X17: 209446 | Y17: 427720 | Z17: 760524 | AA17: 1159917 | AB17: 1511997
C18: Other | D18: 0 | E18: 0 | F18: 0 | G18: 0 | H18: 0 | I18: 0 | J18: 0 | K18: 0 | L18: 0 | M18: 0 | N18: 0 | O18: 0 | P18: 0 | Q18: 0 | R18: 0 | S18: 0 | T18: 0 | U18: 0 | V18: 0 | W18: 15021 | X18: 130275 | Y18: 230631 | Z18: 342697 | AA18: 475118 | AB18: 492837
B19: All | C19: Māori | D19: 116668350 | E19: 158541094 | F19: 153773744 | G19: 157050535 | H19: 158078197 | I19: 157027046 | J19: 166489840 | K19: 178307305 | L19: 187817220 | M19: 209607681 | N19: 251190616 | O19: 270033525 | P19: 265283123 | Q19: 270825755 | R19: 274346294 | S19: 271616391 | T19: 256066886 | U19: 247630026 | V19: 223395242 | W19: 220480528 | X19: 235495641 | Y19: 217674285 | Z19: 199498736 | AA19: 202319394 | AB19: 221171635
C20: Pacific people | D20: 48021516 | E20: 58417946 | F20: 64391327 | G20: 66578064 | H20: 67022730 | I20: 69013278 | J20: 75833671 | K20: 84809932 | L20: 92926576 | M20: 110002264 | N20: 125617261 | O20: 133181765 | P20: 139004023 | Q20: 145674633 | R20: 147662926 | S20: 155195749 | T20: 150902170 | U20: 146828703 | V20: 125568187 | W20: 125409079 | X20: 135197171 | Y20: 127067762 | Z20: 112177859 | AA20: 113151074 | AB20: 123777623
C21: European | D21: 420976548 | E21: 511341737 | F21: 531955845 | G21: 544604124 | H21: 547136145 | I21: 544890995 | J21: 601482652 | K21: 677823134 | L21: 739660250 | M21: 842496392 | N21: 971256772 | O21: 1027670564 | P21: 1030904653 | Q21: 1051964906 | R21: 1054533927 | S21: 1066178055 | T21: 1058266982 | U21: 1029003296 | V21: 957848084 | W21: 949136089 | X21: 974602018 | Y21: 962162123 | Z21: 916829956 | AA21: 929118683 | AB21: 984501445
C22: Asian | D22: 65022343 | E22: 86362842 | F22: 102697272 | G22: 110449822 | H22: 123209835 | I22: 136145488 | J22: 173012969 | K22: 180188636 | L22: 188322459 | M22: 215036963 | N22: 242210907 | O22: 223054437 | P22: 217205895 | Q22: 223202875 | R22: 224744124 | S22: 232022279 | T22: 233233624 | U22: 237378904 | V22: 222457293 | W22: 231053455 | X22: 243815976 | Y22: 242790589 | Z22: 233283849 | AA22: 251549200 | AB22: 277328813
C23: Other | D23: 27494037 | E23: 36019195 | F23: 42284094 | G23: 42235207 | H23: 31458325 | I23: 28632035 | J23: 29425587 | K23: 31298909 | L23: 34594061 | M23: 39580967 | N23: 49974504 | O23: 50656907 | P23: 49943430 | Q23: 52068858 | R23: 51844145 | S23: 51653218 | T23: 47820958 | U23: 46856183 | V23: 45174548 | W23: 45989181 | X23: 49310072 | Y23: 46906450 | Z23: 43603700 | AA23: 45302101 | AB23: 49273208
B24: Source: Ministry of Social Development | Te Manatū Whakahiato ora
B25: This is a supporting table for Table 4, Part 1, Page 26 of the Student Loan Scheme Annual Report 2024/25
B26: Notes:
B27: 1.The ethnicity is reported using 'multiple response', meaning that people are counted in each broad ethnic group they identify with.

Sheet F8
A1: This table is produced online only
A2: index | B2: Borrowing trends since 1992
C4: 1992 | D4: 1993 | E4: 1994 | F4: 1995 | G4: 1996 | H4: 1997 | I4: 1998 | J4: 1999 | K4: 2000 | L4: 2001 | M4: 2002 | N4: 2003 | O4: 2004 | P4: 2005 | Q4: 2006 | R4: 2007 | S4: 2008 | T4: 2009 | U4: 2010 | V4: 2011 | W4: 2012 | X4: 2013 | Y4: 2014 | Z4: 2015 | AA4: 2016 | AB4: 2017 | AC4: 2018 | AD4: 2019 | AE4: 2020 | AF4: 2021 | AG4: 2022 | AH4: 2023 | AI4: 2024
B5: Loan borrowings ($m) | C5: 160.4 | D5: 272.2 | E5: 341.9 | F5: 398.1 | G5: 443.6 | H5: 577.1 | I5: 653.6 | J5: 566.2 | K5: 782.1 | L5: 915.4 | M5: 940.4 | N5: 994.5 | O5: 982.7 | P5: 989.4 | Q5: 1106.7 | R5: 1180.3 | S5: 1241.3 | T5: 1389.3 | U5: 1550.7 | V5: 1582.6 | W5: 1573.7 | X5: 1598.7 | Y5: 1601.2 | Z5: 1622.4 | AA5: 1601.8 | AB5: 1567.8 | AC5: 1451.9 | AD5: 1472.4 | AE5: 1560.4 | AF5: 1498.8 | AG5: 1386.4662 | AH5: 1391 | AI5: 1472.3697
B6: Borrowers | C6: 44202 | D6: 68411 | E6: 79338 | F6: 89817 | G6: 95411 | H6: 105038 | I6: 114387 | J6: 115142 | K6: 128107 | L6: 148142 | M6: 150526 | N6: 156250 | O6: 157032 | P6: 154411 | Q6: 167420 | R6: 173791 | S6: 178533 | T6: 198738 | U6: 212485 | V6: 207330 | W6: 201187 | X6: 192257 | Y6: 186477 | Z6: 182537 | AA6: 176938 | AB6: 170037 | AC6: 154608 | AD6: 149229 | AE6: 148905 | AF6: 146994 | AG6: 129711 | AH6: 120918 | AI6: 121779
B7: Source: Ministry of Social Development | Te Manatū Whakahiato ora and Ministry of Education | Te Tāhuhu o te Mātauranga
B8: Refer to Figure 8, Part 1, Page 28 of the Student Loan Scheme Annual Report 2024/25
B9: Notes:
B10: 1. Borrowing includes establishment fees but does not take into account refunds to the Ministry of Social Development.
B11: 2. The counts of borrowers from 2020 onwards has been randomly rounded to base 3.

Sheet F8.1
A1: This table is produced online only
A2: index | B2: Number of total active borrowers and new active borrowers in each academic year
B4: Year | C4: Total active borrowers | D4: New active borrowers
B5: 2024 | C5: 121779 | D5: 31473
B6: 2023 | C6: 120918 | D6: 27879
B7: 2022 | C7: 129711 | D7: 28128
B8: 2021 | C8: 146994 | D8: 34152
B9: 2020 | C9: 148905 | D9: 35232
B10: 2019 | C10: 149229 | D10: 34212
B11: 2018 | C11: 154608 | D11: 30613
B12: 2017 | C12: 170037 | D12: 42136
B13: 2016 | C13: 176938 | D13: 44566
B14: 2015 | C14: 182537 | D14: 46721
B15: 2014 | C15: 186477 | D15: 49038
B16: 2013 | C16: 192257 | D16: 51732
... B37: 1992 | C37: 44202 | D37: 44259
B38: Source: Ministry of Social Development | Te Manatū Whakahiato ora and Tatauranga Aotearoa | Stats NZ IDI
B39: This is a supporting table for Figure 8, Part 1, Page 28 of the Student Loan Scheme Annual Report 2024/25
B40: Notes:
B41: 1.The apparent discrepancy in the 1992 figures is due to different data sources. The figures for all borrowers were provided by the Ministry of Education,
B42: while the figures for new borrowers were provided by Statistics New Zealand from the integrated dataset on student loans and allowances.
B43: 2.The counts of borrowers from 2020 onwards have been randomly rounded to base 3.

Sheet T5
A1: index
B2: Percentiles of leaving debt and repayment time for leavers in 2023 who completed a qualification by level of study and gender
D4: No. | E4: Leaving balance ($) | L4: Post Study Repayment Time (years)
D5: N | E5: 5th percentile | F5: 10th percentile | G5: 25th percentile | H5: 50th percentile (median) | I5: 75th percentile | J5: 90th percentile | K5: 95th percentile | L5: 5th percentile | M5: 10th percentile | N5: 25th percentile | O5: 50th percentile (median) | P5: 75th percentile | Q5: 90th percentile | R5: 95th percentile
B6: All | C6: Level 1-4 certificates | D6: 5601 | E6: 947 | F6: 1649 | G6: 4927 | H6: 11432 | I6: 23965 | J6: 41781 | K6: 55084 | L6: 0.42 | M6: 0.81 | N6: 2.36 | O6: 5.71 | P6: 13.51 | Q6: n | R6: n
C7: Level 5-7 certificates/diplomas | D7: 3453 | E7: 1758 | F7: 3294 | G7: 8105 | H7: 17659 | I7: 34601 | J7: 60223 | K7: 77678 | L7: 0.44 | M7: 0.91 | N7: 2.54 | O7: 5.7 | P7: 11.22 | Q7: 21.34 | R7: n
C8: Bachelors and graduate certificates / diplomas | D8: 15216 | E8: 7620 | F8: 11920 | G8: 19328 | H8: 33908 | I8: 49995 | J8: 70956 | K8: 91614 | L8: 1.07 | M8: 2.08 | N8: 3.82 | O8: 6.55 | P8: 10.48 | Q8: 16.23 | R8: 22.59
C9: Postgraduate | D9: 5565 | E9: 5566 | F9: 10237 | G9: 23502 | H9: 41666 | I9: 63597 | J9: 81202 | K9: 92907 | L9: 0.57 | M9: 1.21 | N9: 3.25 | O9: 6.15 | P9: 9.94 | Q9: 15.21 | R9: 22.05
B10: Male | C10: Level 1-4 certificates | D10: 1761 | E10: 798 | F10: 1136 | G10: 4000 | H10: 9700 | I10: 20262 | J10: 38109 | K10: 52343 | L10: 0.37 | M10: 0.72 | N10: 1.88 | O10: 4.72 | P10: 11.12 | Q10: n | R10: n
C11: Level 5-7 diplomas | D11: 1203 | E11: 1820 | F11: 3274 | G11: 8279 | H11: 18508 | I11: 38042 | J11: 69883 | K11: 85867 | L11: 0.43 | M11: 0.91 | N11: 2.43 | O11: 5.67 | P11: 10.86 | Q11: 21.22 | R11: n
C12: Bachelors and graduate certificates / diplomas | D12: 5046 | E12: 8039 | F12: 12502 | G12: 19780 | H12: 34677 | I12: 51913 | J12: 75122 | K12: 100286 | L12: 1.11 | M12: 2.13 | N12: 3.71 | O12: 6.31 | P12: 10.16 | Q12: 15.7 | R12: 21.56
C13: Postgraduate | D13: 2040 | E13: 9292 | F13: 15025 | G13: 28298 | H13: 46606 | I13: 66316 | J13: 83317 | K13: 93236 | L13: 0.79 | M13: 1.8 | N13: 3.74 | O13: 6.26 | P13: 9.9 | Q13: 14.89 | R13: 20.82
B14: Female | C14: Level 1-4 certificates | D14: 3804 | E14: 1009 | F14: 1936 | G14: 5433 | H14: 12363 | I14: 25402 | J14: 43024 | K14: 56400 | L14: 0.44 | M14: 0.85 | N14: 2.59 | O14: 6.19 | P14: 14.76 | Q14: n | R14: n
C15: Level 5-7 diplomas | D15: 2211 | E15: 1701 | F15: 3294 | G15: 7931 | H15: 17078 | I15: 33023 | J15: 54175 | K15: 71928 | L15: 0.44 | M15: 0.92 | N15: 2.62 | O15: 5.71 | P15: 11.42 | Q15: 22.13 | R15: n
C16: Bachelors and graduate certificates / diplomas | D16: 10101 | E16: 7358 | F16: 11544 | G16: 19199 | H16: 33527 | I16: 49163 | J16: 69271 | K16: 88879 | L16: 1.04 | M16: 2.05 | N16: 3.86 | O16: 6.65 | P16: 10.68 | Q16: 16.39 | R16: 23.5
C17: Postgraduate | D17: 3483 | E17: 4561 | F17: 8432 | G17: 20677 | H17: 38552 | I17: 61619 | J17: 79222 | K17: 92272 | L17: 0.47 | M17: 0.99 | N17: 2.88 | O17: 6.05 | P17: 9.97 | Q17: 15.32 | R17: 22.79
B18: Source: Tatauranga Aotearoa | Statistics New Zealand IDI and Ministry of Education | Te Tāhuhu o te Mātauranga Student Loans Integrated Model
B19: Refer to Table 5, Part 1, Page 30 of the Student Loan Scheme Annual Report 2024/25
B20: Notes:
B21: 1. Counts have been randomly rounded to base three.
B22: 2. Shown are percentiles of leaving debt. Also shown are percentiles of post-study repayment time; a mixture of real experience and modelling. Note that these percentiles have been independantly determined.
B23: 3. The population for this table is composed of those who studied in 2023, but did not study in 2024, and who completed a qualification at the level shown in 2023. People who graduate but continue to study are excluded from this table.
B24: 4. 'n' indicates that the repayment percentile is not seen to occur in modelling over 40 years
B25: 5. Students who identify as ‘another gender’ are excluded as they account for 1 percent of the data

Sheet T6
A1: index
B2: Median leaving debt and repayment time by ethnicity and level of study for leavers in 2023
C4: Certificates 1-4 | F4: Certificates/diplomas 5-7 | I4: Bachelors | L4: Postgraduate | O4: All Levels
C5: No. | D5: Median repayment time (years) | E5: Median leaving debt ($) | F5: No. | G5: Median repayment time (years) | H5: Median leaving debt ($) | I5: No. | J5: Median repayment time (years) | K5: Median leaving debt ($) | L5: No. | M5: Median repayment time (years) | N5: Median leaving debt ($) | O5: No. | P5: Median repayment time (years) | Q5: Median leaving debt ($)
B6: By Ethnicity
B7: European | C7: 6960 | D7: 5.88 | E7: 12129 | F7: 4185 | G7: 5.81 | H7: 17675 | I7: 16317 | J7: 6.32 | K7: 30722 | L7: 6174 | M7: 6.38 | N7: 42314 | O7: 33639 | P7: 6.21 | Q7: 26243
B8: Māori | C8: 5409 | D8: 8.21 | E8: 11204 | F8: 1632 | G8: 6.19 | H8: 14446 | I8: 3864 | J8: 6.85 | K8: 28087 | L8: 1023 | M8: 6.34 | N8: 36880 | O8: 11928 | P8: 7.14 | Q8: 17869
B9: Pacific people | C9: 1632 | D9: 6.69 | E9: 10514 | F9: 756 | G9: 6.24 | H9: 14891 | I9: 2817 | J9: 6.84 | K9: 26942 | L9: 714 | M9: 6.3 | N9: 38133 | O9: 5922 | P9: 6.65 | Q9: 20883
B10: Asian | C10: 915 | D10: 4.83 | E10: 11271 | F10: 771 | G10: 4.94 | H10: 15624 | I10: 4023 | J10: 5.82 | K10: 26047 | L10: 1971 | M10: 5.43 | N10: 34665 | O10: 7683 | P10: 5.56 | Q10: 25726
B11: Source: Tatauranga Aotearoa | Statistics New Zealand IDI and Ministry of Education | Te Tāhuhu o te Mātauranga Student Loans Integrated Model
B12: Refer to Table 6, Part 1, Page 31 of the Student Loan Scheme Annual Report 2024/25
B13: Notes:
B14: 1. Shown is median leaving debt. Also shown is median post-study repayment time - a mixture of real experience and modelling. Note that these have been independently determined.
B15: 2. The borrowers included are those who studied in 2023 and did not study in 2024. These numbers do not take account of the borrowers’ qualification completion status.
B16: 3. Borrowers’ ethnicity is reported using ‘multiple response’ – they are counted in each broad ethnic group they identify with

Sheet T6.1
A1: This table is produced online only
A2: index | B2: Quartiles of actual and forecast repayment times for borrowers who left study in 2005-2023 by level of study
C4: Level 1-4 certificates | F4: Level 5-7 certificates/diplomas | I4: Bachelors and graduate certificates/ diplomas | L4: Postgraduate
B5: Year of last study | C5: 25th percentile | D5: Median | E5: 75th percentile | F5: 25th percentile | G5: Median | H5: 75th percentile | I5: 25th percentile | J5: Median | K5: 75th percentile | L5: 25th percentile | M5: Median | N5: 75th percentile
B6: 2023 | C6: 2.36 | D6: 5.71 | E6: 13.51 | F6: 2.54 | G6: 5.7 | H6: 11.22 | I6: 3.82 | J6: 6.55 | K6: 10.48 | L6: 3.25 | M6: 6.15 | N6: 9.94
B7: 2022 | C7: 1.93 | D7: 5.46 | E7: 12.91 | F7: 2.31 | G7: 5.59 | H7: 11 | I7: 3.62 | J7: 6.43 | K7: 10.5 | L7: 3.06 | M7: 6.12 | N7: 9.89
B8: 2021 | C8: 1.61 | D8: 4.75 | E8: 13.11 | F8: 2.11 | G8: 5.36 | H8: 10.9 | I8: 3.71 | J8: 6.83 | K8: 10.86 | L8: 2.72 | M8: 6.41 | N8: 10.45
B9: 2020 | C9: 1.76 | D9: 4.63 | E9: 12.84 | F9: 2.3 | G9: 5.43 | H9: 11.13 | I9: 3.7 | J9: 7.06 | K9: 11.18 | L9: 2.59 | M9: 6.35 | N9: 10.63
B10: 2019 | C10: 1.85 | D10: 4.8 | E10: 14.58 | F10: 2.26 | G10: 5.19 | H10: 11.13 | I10: 3.93 | J10: 6.88 | K10: 10.95 | L10: 2.63 | M10: 5.83 | N10: 10.29
B11: 2018 | C11: 2 | D11: 4.79 | E11: 14.18 | F11: 2.86 | G11: 5.65 | H11: 11.21 | I11: 3.85 | J11: 6.35 | K11: 10.58 | L11: 2.6 | M11: 5.41 | N11: 9.78
B12: 2017 | C12: 2.19 | D12: 4.94 | E12: 14.14 | F12: 2.89 | G12: 5.69 | H12: 11.41 | I12: 3.87 | J12: 6.15 | K12: 10.39 | L12: 2.63 | M12: 5.33 | N12: 9.33
B13: 2016 | C13: 2.35 | D13: 5.23 | E13: 14.75 | F13: 3.22 | G13: 5.9 | H13: 11.88 | I13: 4 | J13: 6.28 | K13: 10.19 | L13: 2.86 | M13: 5.57 | N13: 9.29
B14: 2015 | C14: 2.53 | D14: 5.56 | E14: 14.84 | F14: 3.19 | G14: 5.98 | H14: 11.68 | I14: 4.1 | J14: 6.43 | K14: 10.06 | L14: 2.77 | M14: 5.56 | N14: 8.95
B15: 2014 | C15: 2.66 | D15: 5.83 | E15: 16.38 | F15: 3.23 | G15: 6.15 | H15: 12.18 | I15: 3.99 | J15: 6.37 | K15: 9.82 | L15: 2.59 | M15: 5.4 | N15: 8.97
B16: 2013 | C16: 2.57 | D16: 5.64 | E16: 15.19 | F16: 3.29 | G16: 6.43 | H16: 12.5 | I16: 3.82 | J16: 6.44 | K16: 9.87 | L16: 2.62 | M16: 5.42 | N16: 8.81
B17: 2012 | C17: 2.55 | D17: 5.77 | E17: 14.83 | F17: 3.12 | G17: 6.24 | H17: 11.7 | I17: 3.6 | J17: 6.35 | K17: 9.93 | L17: 2.54 | M17: 5.56 | N17: 9.08
... B24: 2005 | C24: 2.81 | D24: 6.81 | E24: 15.2 | F24: 2.98 | G24: 6.34 | H24: 12.13 | I24: 3.3 | J24: 6.49 | K24: 11.29 | L24: 2.7 | M24: 5.78 | N24: 10.49
B25: Source: Tatauranga Aotearoa | Statistics New Zealand IDI and Ministry of Education | Te Tāhuhu o te Mātauranga Student Loans Integrated Model
B26: This is a supporting table for Table 6, Part 1, Page 31 of the Student Loan Scheme Annual Report 2024/25
B27: Notes:
B28: 1. Shown are quartiles of student loan repayment time in years. The data is a mixture of actual repayment performance and projection.

Sheet T7
A1: index
B2: Leaving Debt and Forecast repayment times for borrowers who left study in 2023
E4: Repayment times (years) | H4: Leaving debt ($)
C5: No. | D5: Percentage of leavers | E5: 25th percentile | F5: median | G5: 75th percentile | H5: 25th percentile | I5: median | J5: 75th percentile
B6: All | C6: 52431 | D6: 1 | E6: 3.15 | F6: 6.27 | G6: 11.28 | H6: 10636 | I6: 24067 | J6: 44127
B8: By Gender
B9: Another gender | C9: 429 | D9: 0.0081821823 | E9: 3.91 | F9: 7.38 | G9: 11.64 | H9: 11440 | I9: 26628 | J9: 46268
B10: Male | C10: 18183 | D10: 0.34679865 | E10: 3.07 | F10: 5.95 | G10: 10.54 | H10: 10537 | I10: 24843 | J10: 46081
B11: Female | C11: 33822 | D11: 0.64507639 | E11: 3.19 | F11: 6.41 | G11: 11.68 | H11: 10672 | I11: 23736 | J11: 43104
B13: By level of study
B14: Level 1-4 certificates | C14: 12753 | D14: 0.24323396 | E14: 2.54 | F14: 6.47 | G14: 15.59 | H14: 4744 | I14: 11458 | J14: 24602
B15: Level 5-7 certificates/diplomas | C15: 6642 | D15: 0.12668078 | E15: 2.52 | F15: 5.82 | G15: 11.87 | H15: 7372 | I15: 16516 | J15: 33051
B16: Bachelors and graduate certficates/diplomas | C16: 23892 | D16: 0.45568461 | E16: 3.55 | F16: 6.36 | G16: 10.55 | H16: 15652 | I16: 29259 | J16: 47049
B17: Postgraduate | C17: 9144 | D17: 0.17440064 | E17: 3.2 | F17: 6.11 | G17: 10.05 | H17: 21357 | I17: 39080 | J17: 61460
B19: By Ethnicity
B20: European | C20: 33639 | E20: 3.19 | F20: 6.21 | G20: 10.73 | H20: 11944 | I20: 26243 | J20: 46516
B21: Māori | C21: 11928 | E21: 3.31 | F21: 7.14 | G21: 14.67 | H21: 7522 | I21: 17869 | J21: 36321
B22: Pacific People | C22: 5922 | E22: 3.15 | F22: 6.65 | G22: 12.89 | H22: 8944 | I22: 20883 | J22: 40802
B23: Asian | C23: 7683 | E23: 2.96 | F23: 5.56 | G23: 9.7 | H23: 12886 | I23: 25726 | J23: 44480
B25: By leaving debt band ($000)
B26: <5 | C26: 6414 | D26: 0.12233221 | E26: 0.61 | F26: 1.42 | G26: 3.64
B27: 5-10 | C27: 5958 | D27: 0.11363506 | E27: 1.52 | F27: 2.91 | G27: 5.96
B28: 10-15 | C28: 5436 | D28: 0.10367912 | E28: 2.25 | F28: 3.85 | G28: 7.21
B29: 15-20 | C29: 4881 | D29: 0.09309378 | E29: 3.01 | F29: 4.68 | G29: 8.46
B30: 20-25 | C30: 4272 | D30: 0.081478515 | E30: 3.54 | F30: 5.47 | G30: 9.26
B31: 25-30 | C31: 3837 | D31: 0.073181896 | E31: 4.17 | F31: 6.24 | G31: 10.24
B32: 30-35 | C32: 3288 | D32: 0.062710992 | E32: 4.78 | F32: 7.09 | G32: 11.31
B33: 35-40 | C33: 2988 | D33: 0.056989186 | E33: 5.39 | F33: 7.79 | G33: 12.12
B34: 40-45 | C34: 2712 | D34: 0.051725124 | E34: 5.73 | F34: 8.25 | G34: 12.46
B35: 45-50 | C35: 2448 | D35: 0.046689935 | E35: 6.4 | F35: 9 | G35: 13.44
B36: 50-55 | C36: 1836 | D36: 0.035017452 | E36: 6.78 | F36: 9.51 | G36: 14.41
B37: 55-60 | C37: 1569 | D37: 0.029925044 | E37: 7.36 | F37: 10.23 | G37: 16.03
... B40: >70 | C40: 4314 | D40: 0.082279567 | E40: 9.69 | F40: 13.41 | G40: 20.25
B42: By location
B43: Always NZ based | C43: 43845 | D43: 0.83624192 | E43: 2.76 | F43: 5.53 | G43: 9.8 | H43: 9615 | I43: 22020 | J43: 41552
B44: Not always NZ based | C44: 8586 | D44: 0.16375808 | E44: 6.76 | F44: 11.53 | G44: 20.12 | H44: 18840 | I44: 34876 | J44: 55572
B45: Source: Tatauranga Aotearoa | Statistics New Zealand IDI and Ministry of Education | Te Tāhuhu o te Mātauranga Student Loans Integrated Model
B46: Refer to Table 7, Part 1, Page 32 of the Student Loan Scheme Annual Report 2024/25
B47: Notes:
B48: 1. Counts have been randomly rounded and may not appear to add.
B49: 2. Borrowers’ ethnicity is reported using ‘multiple response’ – they are counted in each broad ethnic group they identify with
B50: 3. Shown are quartiles of post-study repayment time, which is a mixture of real experience and modelling. Also shown are percentiles of leaving debt.
B51: 4. 'Not always NZ-based' indicates a borrower who at some stage has met, or is modelled as meeting, the overseas-based borrower criteria.

Sheet T8
A1: index
B2: Overview of students loan at 30 June 2025 and the two preceding years
C4: 2023 | D4: 2024 | E4: 2025
B5: New Zealand-based borrowers
B6: Number of borrowers | C6: 530550 | D6: 507619 | E6: 509732
B7: Nominal balance ($m) | C7: 12226 | D7: 11850 | E7: 11960
B8: Median loan ($) | C8: 16385 | D8: 16508 | E8: 16095.2
B9: Average loan ($) | C9: 23022 | D9: 23342 | E9: 23491.34
B10: Overseas-based borrowers
B11: Number of borrowers | C11: 104685 | D11: 110389 | E11: 113160
B12: Nominal balance ($m) | C12: 3716 | D12: 4018 | E12: 4260
B13: Median loan ($) | C13: 24254 | D13: 25092 | E13: 25834.87
B14: Average loan ($) | C14: 35501 | D14: 36601 | E14: 37677.95
B15: All borrowers summary
B16: Number of borrowers | C16: 635235 | D16: 618008 | E16: 622892
B17: Nominal balance ($m) | C17: 15942 | D17: 15868 | E17: 16222
B18: Median loan ($) | C18: 17490 | D18: 17794 | E18: 17556.56
B19: Average loan ($) | C19: 25078 | D19: 25709 | E19: 26074.97
B20: Source: Inland Revenue | Te Tari Taake
B21: Refer to Table 8, Part 1, Page 34 of the Student Loan Scheme Annual Report 2024/25

Sheet F9
A1: index
B2: Number of Borrowers and Nominal Balance
C3: Number of Borrowers | H3: Nominal Balance ($ million)
B4: Year | C4: All borrowers | D4: NZB | E4: OBB | F4: Overall # change | G4: Overall % change | H4: All borrowers | I4: NZB | J4: OBB | K4: Overall $m increase | L4: Overall % change
B5: 2025 | C5: 622892 | D5: 509732 | E5: 113160 | F5: 4884 | G5: 0.0079028103 | H5: 16222 | I5: 11960 | J5: 4260 | K5: 366 | L5: 0.023082745
B6: 2024 | C6: 618008 | D6: 507619 | E6: 110389 | F6: -17227 | G6: -0.027119098 | H6: 15856 | I6: 11838 | J6: 4018 | K6: -86 | L6: -0.0053945553
B7: 2023 | C7: 635235 | D7: 530550 | E7: 104685 | F7: -23090 | G7: -0.035073862 | H7: 15942 | I7: 12225.618 | J7: 3716.3815 | K7: -187 | L7: -0.011594023
B8: 2022 | C8: 658325 | D8: 555606 | E8: 102719 | F8: -21622 | G8: -0.031799537 | H8: 16129 | I8: 12610 | J8: 3527 | K8: -132 | L8: -0.0081175819
B9: 2021 | C9: 679947 | D9: 575486 | E9: 104461 | F9: -12539 | G9: -0.018107225 | H9: 16261 | I9: 12835 | J9: 3425 | K9: 126 | L9: 0.0078091106
B10: 2020 | C10: 692486 | D10: 584212 | E10: 108274 | F10: -16032 | G10: -0.022627513 | H10: 16135 | I10: 12611 | J10: 3524 | K10: 101 | L10: 0.0062991144
B11: 2019 | C11: 708518 | D11: 599678 | E11: 108840 | F11: -10669 | G11: -0.014834807 | H11: 16034 | I11: 12607 | J11: 3426 | K11: 165 | L11: 0.010397631
B12: 2018 | C12: 719187 | D12: 610832 | E12: 108355 | F12: -13786 | G12: -0.018808333 | H12: 15869 | I12: 12550 | J12: 3318 | K12: 134 | L12: 0.008516047
B13: 2017 | C13: 732973 | D13: 622479 | E13: 110494 | F13: 1219 | G13: 0.0016658604 | H13: 15735 | I13: 12431 | J13: 3304 | K13: 395 | L13: 0.025749674
B14: 2016 | C14: 731754 | D14: 621015 | E14: 110739 | F14: 3406 | G14: 0.004676336 | H14: 15340 | I14: 12094 | J14: 3246 | K14: 503 | L14: 0.033901732
B15: 2015 | C15: 728348 | D15: 617754 | E15: 110594 | F15: 6911 | G15: 0.009579492 | H15: 14837 | I15: 11680 | J15: 3157 | K15: 602 | L15: 0.04229013
B16: 2014 | C16: 721437 | D16: 611960 | E16: 109477 | F16: 10469 | G16: 0.014724995 | H16: 14235 | I16: 11199 | J16: 3036 | K16: 673 | L16: 0.049623949
... B19: 2011 | C19: 621158 | D19: 529434 | E19: 91724 | F19: 33659 | G19: 0.057292012 | H19: 12070 | I19: 9450 | J19: 2620 | K19: 925 | L19: 0.08299686
B20: 2010 | C20: 587499 | D20: 502362 | E20: 85137 | H20: 11145 | I20: 8779 | J20: 2366
B21: Source: Inland Revenue | Te Tari Taake
B22: Refer to Figure 9, Part 1, Page 35 of the Student Loan Scheme Annual Report 2024/25

Sheet F9.1
A1: This table is produced online only
A2: index | B2: Age range of borrower groups
B4: Age group | C4: All Borrowers | E4: Age group | F4: NZ-based borrowers only | H4: Age group | I4: Overseas-based borrower only
B5: Under 18 | C5: 701 | E5: Under 18 | F5: 701 | V5: =SUM(F5:F53)=F54 -> TRUE | Y5: =SUM(I5:I53)=I54 -> TRUE
B6: 18 | C6: 7563 | E6: 18 | F6: 7559
B7: 19 | C7: 20086 | E7: 19 | F7: 20055 | H7: Under 19 | I7: 35
B8: 20 | C8: 20720 | E8: 20 | F8: 20619 | H8: 20 | I8: 101
B9: 21 | C9: 22171 | E9: 21 | F9: 21953 | H9: 21 | I9: 218
B10: 22 | C10: 22610 | E10: 22 | F10: 22084 | H10: 22 | I10: 526
B11: 23 | C11: 22626 | E11: 23 | F11: 21603 | H11: 23 | I11: 1023
B12: 24 | C12: 23466 | E12: 24 | F12: 21755 | H12: 24 | I12: 1711
B13: 25 | C13: 24236 | E13: 25 | F13: 21856 | H13: 25 | I13: 2380
B14: 26 | C14: 24211 | E14: 26 | F14: 21227 | H14: 26 | I14: 2984
B15: 27 | C15: 24612 | E15: 27 | F15: 20820 | H15: 27 | I15: 3792
B16: 28 | C16: 23968 | E16: 28 | F16: 19910 | H16: 28 | I16: 4058
B17: 29 | C17: 22302 | E17: 29 | F17: 18269 | H17: 29 | I17: 4033
B18: 30 | C18: 21139 | E18: 30 | F18: 17269 | H18: 30 | I18: 3870
B19: 31 | C19: 19789 | E19: 31 | F19: 16057 | H19: 31 | I19: 3732
... B52: 64 | C52: 2611 | E52: 64 | F52: 1969 | H52: 64 | I52: 642
B53: 65+ | C53: 23386 | E53: 65+ | F53: 17453 | H53: 65+ | I53: 5933
B54: Total | C54: 622892 | E54: Total | F54: 509732 | H54: Total | I54: 113160
B55: Source: Inland Revenue | Te Tari Taake
B56: This is a supporting table for Figure 9, Part 1, Page 35 of the Student Loan Scheme Annual Report 2024/25

Sheet F9.2
A1: This table is produced online only
A2: index | B2: Average and Median Loan Balances as at 30 June 2025
B4: Year | C4: Average ($) | D4: Median ($)
B5: 2025 | C5: 26074.97 | D5: 17556.56
B6: 2024 | C6: 25657 | D6: 17794
B7: 2023 | C7: 25012 | D7: 17515
B8: 2022 | C8: 24595 | D8: 17262
B9: 2021 | C9: 23915 | D9: 17154
B10: 2020 | C10: 23307 | D10: 16422
B11: 2019 | C11: 22630 | D11: 16125
B12: 2018 | C12: 22065 | D12: 15938
B13: 2017 | C13: 21467 | D13: 15271
B14: 2016 | C14: 20963 | D14: 14904
B15: 2015 | C15: 20371 | D15: 14421
B16: 2014 | C16: 19731 | D16: 13882
... B22: 2008 | C22: 16129 | D22: 10883
B23: Source: Inland Revenue | Te Tari Taake
B24: This is a supporting table for Figure 9, Part 1, Page 35 of the Student Loan Scheme Annual Report 2024/25

Sheet F9.3
A1: This table is produced online only
A2: index | B2: Borrower numbers by activity
D3: 2022/23 | E3: 2023/24 | F3: 2024/25
B4: New Zealand-based borrowers | C4: Borrowing | D4: 36998 | E4: 43558 | F4: 60906
C5: Borrowing and repaying | D5: 103053 | E5: 93886 | F5: 96149
C6: Repaying | D6: 306587 | E6: 284685 | F6: 260480
C7: Inactive | D7: 130300 | E7: 129528 | F7: 132245
B8: Overseas-based borrowers | C8: Borrowing | D8: 241 | E8: 237 | F8: 254
C9: Borrowing and repaying | D9: 848 | E9: 1007 | F9: 1060
C10: Repaying | D10: 43336 | E10: 51621 | F10: 57485
C11: Inactive | D11: 64145 | E11: 61479 | F11: 59893
B12: Total | D12: 685508 | E12: 666001 | F12: 668472
B13: Source: Inland Revenue | Te Tari Taake
B14: This is a supporting table for Figure 9, Part 1, Page 35 of the Student Loan Scheme Annual Report 2024/25
B15: Notes
B16: 1. Repayments/Lending - loans closed are not included and therefore neither are the transactions
B17: 2. These are point-in-time volumes and therefore due to data being extracted on different dates may differ from the numbers in other tables.
B18: 3. IR upgraded the system used to manage student loans in 2020. Activity on accounts as part of this change, has impacted for some borrowers the categories their loans are reflected in.

Sheet F10
A1: index
B2: Range and Distribution of loan balances at 30 June 2025
B4: Balance range ($) | C4: New Zealand-based Borrowers | D4: Overseas-based Borrowers
B5: <5,000 | C5: 0.16129877 | D5: 0.092804203
B6: 5,001-10,000 | C6: 0.172414 | D6: 0.10915748
B7: 10,001-15,000 | C7: 0.13755977 | D7: 0.10699061
B8: 15,001-20,000 | C8: 0.10482067 | D8: 0.095254099
B9: 20,001-25,000 | C9: 0.079338758 | D9: 0.083526436
B10: 25,001-30,000 | C10: 0.068440166 | D10: 0.072329436
B11: 30,001-35,000 | C11: 0.05211788 | D11: 0.060707905
B12: 35,001-40,000 | C12: 0.042534838 | D12: 0.053933101
B13: 40,001-45,000 | C13: 0.035750297 | D13: 0.046043904
B14: 45,001-50,000 | C14: 0.030299032 | D14: 0.038818035
B15: 50,001-55,000 | C15: 0.023236807 | D15: 0.031132259
B16: 55,001-60,000 | C16: 0.01840196 | D16: 0.026329754
... B45: >200,000 | C45: 0.0002 | D45: 0.007
B46: Source: Inland Revenue | Te Tari Taake
B47: Refer to Figure 10, Part 1, Page 36 of the Student Loan Scheme Annual Report 2024/25
B71: Balance range
B72: 20.01 - 1,999
B73: 2,000 - 3,999
B74: 4,000 - 5,999
B75: 6,000 - 7,999
B76: 8,000 - 9,999
B77: 10,000 - 14,999
B78: 15,000 - 19,999
B79: 20,000 - 24,999
B80: 25,000 - 29,999
... B91: > 139,999

Sheet F10.1
A1: This table is produced online only
A2: index
B3: Range and Distribution of loan balances at 30 June 2025
B5: Balance range ($) | C5: New Zealand-based Borrowers | E5: Overseas-based Borrowers
C6: Female | D6: Male | E6: Female | F6: Male
B7: <5,000 | C7: 0.16036695 | D7: 0.16326186 | E7: 0.093321562 | F7: 0.092383201
B8: 5,001-10,000 | C8: 0.16122761 | D8: 0.1597699 | E8: 0.11591192 | F8: 0.10511928
B9: 10,001-15,000 | C9: 0.12837051 | D9: 0.12297778 | E9: 0.1131076 | F9: 0.10325547
B10: 15,001-20,000 | C10: 0.10563887 | D10: 0.10082829 | E10: 0.099293727 | F10: 0.092383201
B11: 20,001-25,000 | C11: 0.085144946 | D11: 0.080973026 | E11: 0.086622351 | F11: 0.080516899
B12: 25,001-30,000 | C12: 0.073338666 | D12: 0.070986353 | E12: 0.075301205 | F12: 0.069147614
B13: 30,001-35,000 | C13: 0.055831755 | D13: 0.053965148 | E13: 0.061695056 | F13: 0.059020875
B14: 35,001-40,000 | C14: 0.045108899 | D14: 0.044855682 | E14: 0.054891982 | F14: 0.052870278
B15: 40,001-45,000 | C15: 0.037919827 | D15: 0.03756811 | E15: 0.046427088 | F15: 0.045849901
B16: 45,001-50,000 | C16: 0.031611669 | D16: 0.032794075 | E16: 0.038585376 | F16: 0.038767396
B17: 50,001-55,000 | C17: 0.023885947 | D17: 0.025489634 | E17: 0.031262983 | F17: 0.031809145
B18: 55,001-60,000 | C18: 0.018772592 | D18: 0.02041195 | E18: 0.02617366 | F18: 0.02721173
... B37: >150,000 | C37: 0.0011644273 | D37: 0.0024966683 | E37: 0.015475696 | F37: 0.031622763
B38: Source: Inland Revenue | Te Tari Taake
B39: This is a supporting table to Figure 10, Part 1, Page 36 of the Student Loan Scheme Annual Report 2024/25
B63: Balance range
B64: 20.01 - 1,999
B65: 2,000 - 3,999
B66: 4,000 - 5,999
B67: 6,000 - 7,999
B68: 8,000 - 9,999
B69: 10,000 - 14,999
B70: 15,000 - 19,999
B71: 20,000 - 24,999
B72: 25,000 - 29,999
... B83: > 139,999

Sheet F10.2
A1: This table is produced online only
A2: index
B3: Range and Distribution of loan balances at 30 June 2025
B5: Balance range ($) | C5: New Zealand-based Borrowers | H5: Overseas-based Borrowers
C6: Asians | D6: Europeans | E6: Maori | F6: MELAA | G6: Pasifika | H6: Asians | I6: Europeans | J6: Maori | K6: MELAA | L6: Pasifika
B7: <5,000 | C7: 0.11128146 | D7: 0.14667053 | E7: 0.20713677 | F7: 0.13601004 | G7: 0.16914099 | H7: 0.074779378 | I7: 0.090225965 | J7: 0.11858974 | K7: 0.10106383 | L7: 0.10681636
B8: 5,001-10,000 | C8: 0.13747285 | D8: 0.14826956 | E8: 0.19089027 | F8: 0.14880803 | G8: 0.17054155 | H8: 0.091655055 | I8: 0.11186314 | J8: 0.128663 | K8: 0.12056738 | L8: 0.119166
B9: 10,001-15,000 | C9: 0.12333376 | D9: 0.12150588 | E9: 0.13632931 | F9: 0.12371393 | G9: 0.12964519 | H9: 0.09366775 | I9: 0.10781283 | J9: 0.12347375 | K9: 0.11347518 | L9: 0.12221331
B10: 15,001-20,000 | C10: 0.11720114 | D10: 0.10066859 | E10: 0.10381196 | F10: 0.10464241 | G10: 0.10504202 | H10: 0.088868246 | I10: 0.095608612 | J10: 0.10149573 | K10: 0.093971631 | L10: 0.10842021
B11: 20,001-25,000 | C11: 0.097653422 | D11: 0.082299797 | E11: 0.079576178 | F11: 0.089585947 | G11: 0.08426704 | H11: 0.076946896 | I11: 0.086015775 | J11: 0.086691087 | K11: 0.083333333 | L11: 0.086287089
B12: 25,001-30,000 | C12: 0.082960692 | D12: 0.075953668 | E12: 0.063159177 | F12: 0.076787955 | G12: 0.067226891 | H12: 0.068431646 | I12: 0.075890002 | J12: 0.072802198 | K12: 0.078014184 | L12: 0.071371291
B13: 30,001-35,000 | C13: 0.064435075 | D13: 0.056715404 | E13: 0.046961393 | F13: 0.059974906 | G13: 0.05480859 | H13: 0.061619446 | I13: 0.062673204 | J13: 0.058150183 | K13: 0.070035461 | L13: 0.056776263
B14: 35,001-40,000 | C14: 0.053830757 | D14: 0.047910774 | E14: 0.036000487 | F14: 0.048431619 | G14: 0.042623716 | H14: 0.053259018 | I14: 0.057716905 | J14: 0.053113553 | K14: 0.052304965 | L14: 0.049879711
B15: 40,001-45,000 | C15: 0.041522933 | D15: 0.041844475 | E15: 0.028620144 | F15: 0.042409034 | G15: 0.035807656 | H15: 0.049078805 | I15: 0.049403112 | J15: 0.041208791 | K15: 0.046985816 | L15: 0.039615076
B16: 45,001-50,000 | C16: 0.033729398 | D16: 0.036867511 | E16: 0.023992206 | F16: 0.034629862 | G16: 0.027637722 | H16: 0.040253909 | I16: 0.04018333 | J16: 0.034188034 | K16: 0.040780142 | L16: 0.035124298
B17: 50,001-55,000 | C17: 0.026617265 | D17: 0.028002918 | E17: 0.017610522 | F17: 0.026348808 | G17: 0.022502334 | H17: 0.033906177 | I17: 0.033574931 | J17: 0.026404151 | K17: 0.033687943 | L17: 0.026623897
B18: 55,001-60,000 | C18: 0.021549338 | D18: 0.02219646 | E18: 0.013786384 | F18: 0.023588457 | G18: 0.017973856 | H18: 0.030035609 | I18: 0.027819228 | J18: 0.023809524 | K18: 0.031028369 | L18: 0.021010425
... B37: >150,000 | C37: 0.0022571441 | D37: 0.0018488722 | E37: 0.001071733 | F37: 0.0022584693 | G37: 0.0015873016 | H37: 0.031738659 | I37: 0.019398849 | J37: 0.013125763 | K37: 0.0053191489 | L37: 0.018925421
B38: Source: Inland Revenue | Te Tari Taake
B39: This is a supporting table to Figure 10, Part 1, Page 36 of the Student Loan Scheme Annual Report 2024/25
B63: Balance range
B64: 20.01 - 1,999
B65: 2,000 - 3,999
B66: 4,000 - 5,999
B67: 6,000 - 7,999
B68: 8,000 - 9,999
B69: 10,000 - 14,999
B70: 15,000 - 19,999
B71: 20,000 - 24,999
B72: 25,000 - 29,999
... B83: > 139,999

Sheet T9
A1: index
B2: Loan Repayments
B4: Repayments | D4: 2022/23 | E4: 2023/24 | F4: 2024/25
B5: $ million
B6: PAYE | D6: 1247.5 | E6: 1205.2 | F6: 1098.53
B7: Direct NZ | D7: 230.5 | E7: 217.9 | F7: 221.25
B8: Direct Overseas | D8: 155.5 | E8: 173.3 | F8: 242.94
B9: Total | D9: 1633.5 | E9: 1596.4 | F9: 1562.72
B10: Annual % change
B11: PAYE | D11: 4.4 | E11: -3.4 | F11: -8.9
B12: Direct NZ | D12: -7.6 | E12: -5.5 | F12: 1.5
B13: Direct Overseas | D13: -3.1 | E13: 11.4 | F13: 40.2
B14: Total | D14: 1.8 | E14: -2.3 | F14: -2.1
B15: Source: Inland Revenue | Te Tari Taake administration data.
B16: Refer to Table 9, Part 1, Page 37 of the Student Loan Scheme Annual Report 2024/25
B17: Notes
B18: 1. Totals may not appear to add because of rounding.

Sheet T10
A1: index
B2: Overdue student loan repayments
B4: Overdue repayments | C4: 2023/24 | D4: 2024/25 | E4: % Change 2024-25
B5: New Zealand-based
B6: Overdue amount ($m) | C6: 175.6 | D6: 186.6313 | E6: 0.063057483
B7: No. of borrowers | C7: 27346 | D7: 26705 | E7: -0.023440357
B8: Average amount outstanding ($) | C8: 6420 | D8: 6988.6277 | E8: 0.088574047
B9: Overseas-based
B10: Overdue amount ($m) | C10: 2199.3 | D10: 2322.5767 | E10: 0.056044321
B11: No. of borrowers | C11: 78088 | D11: 77701 | E11: -0.0049559471
B12: Average amount outstanding ($) | C12: 28164.6 | D12: 29891.208 | E12: 0.061304088
B13: Total/overall
B14: Overdue amount ($m) | C14: 2374.9 | D14: 2509.208 | E14: 0.056562763
B15: No. of borrowers | C15: 105434 | D15: 104406 | E15: -0.0097501755
B16: Average amount outstanding ($) | C16: 22524.8 | D16: 24033.178 | E16: 0.066965868
B17: Source: Inland Revenue | Te Tari Taake administration data
B18: Refer to Table 10, Part 1, Page 38 of the Student Loan Scheme Annual Report 2024/25
B19: Notes:
B20: 1. Totals may not appear to add because of rounding.

Sheet T10.1
A1: This table is produced online only
A2: index | B2: Loan Repayments directly from borrowers
C4: 2019/20 | D4: 2020/21 | E4: 2021/22 | F4: 2022/23 | G4: 2023/24 | H4: 2024/25
B5: New Zealand-based
B6: $million | C6: 172.8 | D6: 229.3 | E6: 249.4 | F6: 230.5 | G6: 217.89 | H6: 221.3
B7: Annual % change | C7: 0.027 | D7: 0.327 | E7: 0.088 | F7: -0.076 | G7: -0.055 | H7: 0.01566626
B9: Overseas-based
B10: $million | C10: 211.6 | D10: 197.7 | E10: 160.5 | F10: 155.5 | G10: 173.32 | H10: 242.9
B11: Annual % change | C11: 0.026 | D11: -0.066 | E11: -0.188 | F11: -0.031 | G11: 0.115 | H11: 0.40145779
B13: Total
B14: $million | C14: 384.4 | D14: 427 | E14: 409.9 | F14: 386 | G14: 391.21 | H14: 464.2
B15: Annual % change | C15: 0.026 | D15: 0.111 | E15: -0.04 | F15: 0.058 | G15: 0.013 | H15: 0.18658694
B16: Source: Inland Revenue | Te Tari Taake
B17: This is a supporting table for Table 10, Part 1, Page 38 of the Student Loan Scheme Annual Report 2024/25

Sheet T11
A1: index
B2: Age and location of overdue repayments at 30 June 2025
C5: 2024 | E5: 2025
B6: Age of overdue repayments | C6: $ million | D6: Percentage | E6: $ million | F6: Percentage
B7: New Zealand-based Borrowers
B8: 0-1 month | C8: 0.123 | D8: 0.00070045558 | E8: 0.077268145 | F8: 0.00041401493
B9: 2-3 months | C9: 9.2 | D9: 0.0523918 | E9: 2.4328573 | F9: 0.013035634
B10: 4-6 months | C10: 5.9 | D10: 0.033599089 | E10: 9.2334645 | F10: 0.049474361
B11: 7-12 months | C11: 2.2 | D11: 0.012528474 | E11: 3.3368874 | F11: 0.01787957
B12: 1-2 years | C12: 18.8 | D12: 0.1070615 | E12: 14.668936 | F12: 0.078598476
B13: 2-5 years | C13: 34.9 | D13: 0.19874715 | E13: 38.55806 | F13: 0.20660018
B14: 5-10 years | C14: 59.1 | D14: 0.33656036 | E14: 59.691958 | F14: 0.31983894
B15: >10 years | C15: 45.3 | D15: 0.25797267 | E15: 58.631871 | F15: 0.31415883
B16: Total | C16: 175.6 | D16: 1 | E16: 186.6313 | F16: 1
B17: Overseas-based Borrowers
B18: 0-1 month | C18: 0 | D18: 0 | E18: 0.053112313 | F18: 2.286784e-05
B19: 2-3 months | C19: 64.8 | D19: 0.02946392 | E19: 0.61213907 | F19: 0.00026356032
B20: 4-6 months | C20: 0.6 | D20: 0.00027281408 | E20: 60.134419 | F20: 0.025891252
B21: 7-12 months | C21: 58 | D21: 0.026372027 | E21: 53.363255 | F21: 0.022975885
B22: 1-2 years | C22: 121.8 | D22: 0.055381258 | E22: 108.92537 | F22: 0.046898502
B23: 2-5 years | C23: 395.9 | D23: 0.18001182 | E23: 367.70633 | F23: 0.15831827
B24: 5-10 years | C24: 790.8 | D24: 0.35956895 | E24: 772.64028 | F24: 0.33266513
B25: >10 years | C25: 767.4 | D25: 0.3489292 | E25: 959.14182 | F25: 0.41296454
B26: Total | C26: 2199.3 | D26: 1 | E26: 2322.5767 | F26: 1
B27: Source: Inland Revenue | Te Tari Taake
B28: Refer to Table 11, Part 1, Page 39 of the Student Loan Scheme Annual Report 2024/25
B29: Notes
B30: 1. Totals may not appear to add because of rounding.

Sheet T12
A1: index
B2: Special deduction rate
B4: Special rate type | C4: 2022/23 | D4: 2023/24* | E4: 2024/25
B5: Repayment Deduction Exemption | C5: 3721 | D5: 5910 | E5: 6439
B6: Unused repayment rate | C6: 215 | D6: 311 | E6: 292
B7: Hardship | C7: 2480 | D7: 3597 | E7: 2832
B8: Totals | C8: 6416 | D8: 9818 | E8: 9563
B9: Source: Inland Revenue | Te Tari Taake
B10: Refer to Table 12, Part 1, Page 40 of the Student Loan Scheme Annual Report 2024/25
B11: Notes
B12: 1. 2023/24* results include a discovery that was run in Nov 2023 to identify customers who might be eligible for this exemption. As a result, there were an additional 1,400 cases added for the month and increased volumes for the remainder of the year.

Sheet T13
A1: index
B2: Capitalisation of overdue amounts
B4: New Zealand-based capitalisations
C5: 2022/23 | D5: 2023/24 | E5: 2024/25
B6: Number of borrowers | C6: 1598 | D6: 1353 | E6: 1551
B7: Amount capitalised ($ million) | C7: 10 | D7: 8.9 | E7: 10.867107
B8: Overseas-based capitalisations
C9: 2022/23 | D9: 2023/24 | E9: 2024/25
B10: Number of borrowers | C10: 2441 | D10: 2173 | E10: 2831
B11: Amount capitalised ($ million) | C11: 23.8 | D11: 21.9 | E11: 42.209535
B12: Source: Inland Revenue | Te Tari Taake
B13: Refer to Table 13, Part 1, Page 40 of the Student Loan Scheme Annual Report 2024/25

Sheet T14
A1: index
B2: Number of loans fully repaid at 30 June 2025
B4: Year | C4: Loans repaid
B5: 2025 | C5: 49834
B6: 2024 | C6: 52368
B7: 2023 | C7: 55405
B8: 2022 | C8: 55668
B9: 2021 | C9: 51712
B10: 2020 | C10: 59189
B11: 2019 | C11: 45205
B12: 2018 | C12: 48235
B13: 2017 | C13: 42465
B14: 2016 | C14: 43100
B15: 2015 | C15: 41134
B16: 2014 | C16: 39544
... B23: 2007 | C23: 21704
B24: Source: Inland Revenue | Te Tari Taake administration data.
B25: Refer to Table 14, Part 1, Page 38 of the Student Loan Scheme Annual Report 2024/25

Sheet T15
A1: index
B2: Write-off due to death, bankruptcy or fraud
B4: Write-offs | C4: 2022/23 | D4: 2023/24 | E4: 2024/25
C5: $ million
B6: Bankrupt | C6: 2.5 | D6: 5.7 | E6: 6.1
B7: Deceased | C7: 29.7 | D7: 28.8 | E7: 29.6
B8: Fraud | C8: 0.01 | D8: 0.05 | E8: 0.01
C9: Number of cases
B10: Bankrupt | C10: 76 | D10: 151 | E10: 142
B11: Deceased | C11: 1685 | D11: 1787 | E11: 1661
B12: Fraud | C12: <6 | D12: 8 | E12: <6
B13: Source: Inland Revenue | Te Tari Taake
B14: Refer to Table 15, Part 1, Page 42 of the Student Loan Scheme Annual Report 2024/25
B15: Notes:
B16: 1. In April 2020, legislation was introduced to allow for loans taken out prior to 2000 to be written off if identity theft has occurred and the correct borrower cannot be identified.

Sheet F11
A1: index
B2: Movement in the fair value due to impairment and discount rate changes over the last eight years
B4: At 30 June | C4: 2016 | D4: 2017 | E4: 2018 | F4: 2019 | G4: 2020 | H4: 2021 | I4: 2022 | J4: 2023 | K4: 2024 | L4: 2025
C5: $ million
B6: Impairment | C6: -89 | D6: 45 | E6: 103 | F6: 211 | G6: -476 | H6: 488 | I6: 519 | J6: 277 | K6: 275 | L6: -91
B7: Discount rate | C7: 408 | D7: -140 | E7: 190 | F7: 734 | G7: 343 | H7: 220 | I7: -1670 | J7: 194 | K7: 80 | L7: 469
B8: Source: Ministry of Education | Te Tāhuhu o te Mātauranga
B9: Refer to Figure 11, Part 2, Page 45 of the Student Loan Scheme Annual Report 2024/25
B10: 1. The impairment shown applies to the fair value and so differs from the impairment of the carrying value reported in Annual Reports prior to 2018.
B11: 2. Changes in value arising from changes in the collection expense assumptions have been attributed to impairment.

Sheet F12
A1: index
B2: Lending and initial-write down on this lending
C4: 2005/06 | D4: 2006/07 | E4: 2007/08 | F4: 2008/09 | G4: 2009/10 | H4: 2010/11 | I4: 2011/12 | J4: 2012/13 | K4: 2013/14 | L4: 2014/15 | M4: 2015/16 | N4: 2016/17 | O4: 2017/18 | P4: 2018/19 | Q4: 2019/20 | R4: 2020/21 | S4: 2021/22 | T4: 2022/23 | U4: 2023/24 | V4: 2024/25
C5: $ million
B6: New lending (including establishment fee) | C6: 989 | D6: 1116 | E6: 1131 | F6: 1269 | G6: 1434 | H6: 1465 | I6: 1489 | J6: 1481 | K6: 1522 | L6: 1529 | M6: 1522 | N6: 1485 | O6: 1337 | P6: 1360 | Q6: 1413 | R6: 1431 | S6: 1295 | T6: 1271 | U6: 1348 | V6: 1709
B7: Initial write-down on new borrowing | C7: 328 | D7: 488 | E7: 487 | F7: 532 | G7: 728 | H7: 713 | I7: 702 | J7: 536 | K7: 629 | L7: 602 | M7: 659 | N7: 662 | O7: 594 | P7: 563 | Q7: 506 | R7: 469 | S7: 489 | T7: 551 | U7: 544 | V7: 585
B8: Average cost of lending in cents per dollar | C8: 33.16 | D8: 43.73 | E8: 43.06 | F8: 41.92 | G8: 50.77 | H8: 48.67 | I8: 47.15 | J8: 36.19 | K8: 41.33 | L8: 39.37 | M8: 43.3 | N8: 44.58 | O8: 44.43 | P8: 41.4 | Q8: 35.82 | R8: 32.75 | S8: 37.79 | T8: 43.32 | U8: 40.36 | V8: 34.24
B9: Source: Ministry of Education | Te Tāhuhu o te Mātauranga
B10: Refer to Figure 12, Part 2, Page 46 of the Student Loan Scheme Annual Report 2024/25

Sheet F12.1
A1: This table is produced online only
A2: index | B2: Cost of lending in cents per dollar lent in half years
B4: 2008 | D4: 2009 | F4: 2010 | H4: 2011 | J4: 2012 | L4: 2013 | N4: 2014 | P4: 2015 | R4: 2016 | T4: 2017 | V4: 2018 | X4: 2019 | Z4: 2020 | AB4: 2021 | AD4: 2022 | AF4: 2023 | AJ4: 2024
B5: Jan-Jun | C5: Jul-Dec | D5: Jan-Jun | E5: Jul-Dec | F5: Jan-Jun | G5: Jul-Dec | H5: Jan-Jun | I5: Jul-Dec | J5: Jan-Jun | K5: Jul-Dec | L5: Jan-Jun | M5: Jul-Dec | N5: Jan-Jun | O5: Jul-Dec | P5: Jan-Jun | Q5: Jul-Dec | R5: Jan-Jun | S5: Jul-Dec | T5: Jan-Jun | U5: Jul-Dec | V5: Jan-Jun | W5: Jul-Dec | X5: Jan-Jun | Y5: Jul-Dec | Z5: Jan-Jun | AA5: Jul-Dec | AB5: Jan-Jun | AC5: Jul-Dec | AD5: Jan-Jun | AE5: Jul-Dec | AF5: Jan-Jun | AG5: Jul-Dec | AH5: Jan-Jun | AI5: Jul-Dec | AJ5: Jan-Jun | AK5: Jul-Dec
B6: 40.25 | C6: 39.15 | D6: 39.15 | E6: 47.39 | F6: 47.39 | G6: 45.25 | H6: 45.25 | I6: 44.62 | J6: 44.62 | K6: 39.09 | L6: 35.19 | M6: 40.02 | N6: 41.83 | O6: 44.99 | P6: 37.39 | Q6: 43.29 | R6: 43.32 | S6: 46.9 | T6: 43.76 | U6: 44.53 | V6: 44.4 | W6: 44.53 | X6: 40.18 | Y6: 38.59 | Z6: 34.76 | AA6: 35.41 | AB6: 31.64 | AC6: 35.62 | AD6: 38.67 | AE6: 45.83 | AF6: 42.32 | AG6: 42.6 | AH6: 39.44 | AI6: 35.89 | AJ6: 33.71 | AK6: **
B7: Source: Ministry of Education | Te Tāhuhu o te Mātauranga
B8: This is a supporting table for Figure 12, Part 2, Page 46 of the Student Loan Scheme Annual Report 2024/25

Sheet F13
A1: index
B2: Lending and Repayments
C4: 2005/06 | D4: 2006/07 | E4: 2007/08 | F4: 2008/09 | G4: 2009/10 | H4: 2010/11 | I4: 2011/12 | J4: 2012/13 | K4: 2013/14 | L4: 2014/15 | M4: 2015/16 | N4: 2016/17 | O4: 2017/18 | P4: 2018/19 | Q4: 2019/20 | R4: 2020/21 | S4: 2021/22 | T4: 2022/23 | U4: 2023/24 | V4: 2024/25
C5: $ million
B6: New lending | C6: 981 | D6: 1107 | E6: 1122 | F6: 1259 | G6: 1423 | H6: 1453 | I6: 1477 | J6: 1470 | K6: 1511 | L6: 1518 | M6: 1512 | N6: 1475 | O6: 1328 | P6: 1351 | Q6: 1404 | R6: 1422 | S6: 1287 | T6: 1264 | U6: 1341 | V6: 1701
B7: Repayment | C7: -486 | D7: -486 | E7: -550 | F7: -619 | G7: -652 | H7: -691 | I7: -767 | J7: -1054 | K7: -1032 | L7: -1114 | M7: -1209 | N7: -1273 | O7: -1348 | P7: -1371 | Q7: -1477 | R7: -1495 | S7: -1605 | T7: -1634 | U7: -1596 | V7: -1563
B8: Net cash out | C8: 495 | D8: 621 | E8: 572 | F8: 640 | G8: 771 | H8: 762 | I8: 710 | J8: 416 | K8: 479 | L8: 404 | M8: 303 | N8: 202 | O8: -20 | P8: -20 | Q8: -73 | R8: -73 | S8: -318 | T8: -370 | U8: -255 | V8: 138
B9: Source: Ministry of Education | Te Tāhuhu o te Mātauranga
B10: Refer to Figure 13, Part 2, Page 47 of the Student Loan Scheme Annual Report 2024/25

Sheet T16
A1: index
B2: Government’s cost of ownership of the Student Loan Scheme
B4: Fair value of the asset | C4: $10,054 million
B5: Discount rate for the asset | C5: 0.0567
B6: Cost of capital associated with the Student Loan Scheme | C6: $544 million for the financial year 2025/26
B7: Source: Ministry of Education | Te Tāhuhu o te Mātauranga
B8: Refer to Table 16 Part 2, Page 48 of the Student Loan Scheme Annual Report 2024/25

Sheet T17
A1: index
B2: Student Loan Scheme administration costs
C4: 2010/11 | D4: 2011/12 | E4: 2012/13 | F4: 2013/14 | G4: 2014/15 | H4: 2015/16 | I4: 2016/17 | J4: 2017/18 | K4: 2018/19 | L4: 2019/20 | M4: 2020/21 | N4: 2021/22 | O4: 2022/23 | P4: 2023/24 | Q4: 2024/25
C5: $ million
B6: Ministry of Social Development | C6: 17 | D6: 16.4 | E6: 15.8 | F6: 16.2 | G6: 13.4 | H6: 15 | I6: 15.1 | J6: 16.5 | K6: 16.8 | L6: 18 | M6: 22.7 | N6: 24.5 | O6: 23.6 | P6: 23.9 | Q6: 29.8
B7: Inland Revenue | C7: 39.3 | D7: 31.5 | E7: 30.2 | F7: 33.5 | G7: 32.1 | H7: 32.5 | I7: 31.2 | J7: 29.2 | K7: 30.2 | L7: 31.7 | M7: 28.8 | N7: 27.7 | O7: 20.4 | P7: 22.3 | Q7: 28.1
B8: Ministry of Education | C8: 0.8 | D8: 0.8 | E8: 0.9 | F8: 0.7 | G8: 0.7 | H8: 0.8 | I8: 0.8 | J8: 0.9 | K8: 0.8 | L8: 1 | M8: 0.9 | N8: 0.9 | O8: 1 | P8: 0.9 | Q8: 0.9
B9: Statistics New Zealand | C9: 0.7 | D9: 0.7 | E9: 0.7 | F9: 0.7 | G9: 0.7 | H9: 0.7 | I9: 0.7 | J9: 0.8 | K9: 0.9 | L9: 0.9 | M9: 1 | N9: 1 | O9: 1.1 | P9: 1.1 | Q9: 1.1
B10: Gross agency cost | C10: 57.8 | D10: 49.4 | E10: 47.6 | F10: 51.1 | G10: 46.9 | H10: 49 | I10: 47.8 | J10: 47.4 | K10: 48.7 | L10: 51.6 | M10: 53.4 | N10: 54.1 | O10: 46.1 | P10: 48.2 | Q10: 59.9
B11: Source: Ministry of Social Development | Te Manatū Whakahiato ora, Inland Revenue | Te Tari Taake, Ministry of Education | Te Tāhuhu o te Mātauranga and Stats New Zealand IDI | Tatauranga Aotearoa
B12: Refer to Table 17, Part 2, Page 49 of the Student Loan Scheme Annual Report 2024/25
B13: Notes:
B14: 1. All amounts exclude GST.
B15: 2. Inland Revenue's administrative costs have been restated to exclude business transformation costs.

Sheet T18
A1: index
B2: Nominal and Carrying Value Movements
E4: 2015/16 | F4: 2016/17 | G4: 2017/18 | H4: 2018/19 | I4: 2019/20 | J4: 2020/21 | K4: 2021/22 | L4: 2022/23 | M4: 2023/24 | N4: 2024/25
D5: Notes | E5: $ million
B6: Nominal value
C7: Opening balance | D7: 1 | E7: 14837 | F7: 15340 | G7: 15735 | H7: 15869 | I7: 16034 | J7: 16134 | K7: 16260 | L7: 16137 | M7: 15942 | N7: 15867
C8: New lending | D8: 8 | E8: 1512 | F8: 1475 | G8: 1328 | H8: 1351 | I8: 1404 | J8: 1422 | K8: 1287 | L8: 1264 | M8: 1341 | N8: 1701
C9: Establishment fee | D9: 4 | E9: 10 | F9: 10 | G9: 9 | H9: 9 | I9: 9 | J9: 9 | K9: 8 | L9: 7 | M9: 7 | N9: 8
C10: Administration fee | D10: 5 | E10: 23 | F10: 23 | G10: 23 | H10: 23 | I10: 24 | J10: 22 | K10: 22 | L10: 21 | M10: 21 | N10: 20
C11: Repayment | D11: 8 | E11: -1209 | F11: -1273 | G11: -1348 | H11: -1371 | I11: -1477 | J11: -1495 | K11: -1605 | L11: -1634 | M11: -1596 | N11: -1563
C12: Interest | D12: 2, 7 | E12: 135 | F12: 120 | G12: 111 | H12: 110 | I12: 87 | J12: 93 | K12: 69 | L12: 55 | M12: 62 | N12: 86
C13: Penalties | D13: 2 | E13: 64 | F13: 72 | G13: 74 | H13: 92 | I13: 98 | J13: 116 | K13: 121 | L13: 123 | M13: 126 | N13: 148
C14: Voluntary Repayment Bonus | E14: 0 | F14: 0 | G14: 0 | H14: 0 | I14: 0 | J14: 0 | K14: 0 | L14: 0 | M14: 0 | N14: 0
C15: Death Write-off | E15: -15 | F15: -13 | G15: -31 | H15: -26 | I15: -31 | J15: -37 | K15: -24 | L15: -30 | M15: -29 | N15: -30
C16: Bankruptcy write-off | E16: -18 | F16: -20 | G16: -32 | H16: -24 | I16: -14 | J16: -4 | K16: 0 | L16: -2 | M16: -6 | N16: -6
C17: Balancing item | D17: 6 | L17: 0 | M17: 0 | N17: -10
C18: Closing balance | E18: 15340 | F18: 15735 | G18: 15869 | H18: 16034 | I18: 16134 | J18: 16260 | K18: 16137 | L18: 15942 | M18: 15867 | N18: 16222
B20: Carrying value
C21: Open balance | D21: 10 | E21: 8864 | F21: 8982 | G21: 9197 | H21: 9929 | I21: 10731 | J21: 10395 | K21: 10841 | L21: 9209 | M21: 9373 | N21: 9596
C22: New lending | D22: 8 | E22: 1512 | F22: 1475 | G22: 1328 | H22: 1351 | I22: 1404 | J22: 1422 | K22: 1287 | L22: 1264 | M22: 1341 | N22: 1701
C23: Initial write-down on new borrowing | D23: 9 | E23: -659 | F23: -662 | G23: -594 | H23: -563 | I23: -506 | J23: -469 | K23: -489 | L23: -551 | M23: -544 | N23: -585
C24: Establishment fee | E24: 10 | F24: 10 | G24: 9 | H24: 9 | I24: 9 | J24: 9 | K24: 8 | L24: 7 | M24: 7 | N24: 8
C25: Repayment | E25: -1209 | F25: -1273 | G25: -1348 | H25: -1371 | I25: -1477 | J25: -1495 | K25: -1605 | L25: -1634 | M25: -1596 | N25: -1563
C26: Interest unwind | E26: 603 | F26: 602 | G26: 604 | H26: 394 | I26: 331 | J26: 235 | K26: 280 | L26: 577 | M26: 634 | N26: 492
C27: Impairment | E27: -140 | F27: 62 | G27: 106 | H27: 211 | I27: -476 | J27: 488 | K27: 519 | L27: 277 | M27: 269 | N27: -91
C28: Cost of loan collection | H28: 36 | I28: 36 | J28: 37 | K28: 38 | L28: 29 | M28: 28 | N28: 26
C29: Discount rate changes | H29: 734 | I29: 343 | J29: 220 | K29: -1670 | L29: 194 | M29: 86 | N29: 469
C30: Closing carrying value | E30: 8982 | F30: 9197 | G30: 9302 | H30: 10731 | I30: 10395 | J30: 10841 | K30: 9209 | L30: 9373 | M30: 9596 | N30: 10054
B33: Average cost of lending in cents per dollar (headline)
E34: 43.31 | F34: 44.56 | G34: 44.43 | H34: 41.42 | I34: 35.82 | J34: 32.75 | K34: 37.79 | L34: 43.32 | M34: 40.36 | N34: 34.24
B35: Source: Ministry of Education | Te Tāhuhu o te Mātauranga, Inland Revenue | Te Tari Taake
B36: Refer to Table 18, Part 2, Page 50 of the Student Loan Scheme Annual Report 2024/25
B37: Notes:
B38: 1. The balance at 30 June 2007 has been restated as per table 15 of the 2008 annual report to exclude accrued interest that would be subsequently written off. All
B39: other nominal balance figures are as per the accounts as published in annual reports.
B40: 2. Interest and penalty amounts are only available for the 2008/09 and later fiscal years. Prior to this, these amounts are implicit in the balancing item.
B41: 3. The no interest for New Zealand-based borrowers policy came into effect on 1 April 2006.
B42: 4. The establishment fee is the amount charged by the Ministry of Social Development | Te Manatū Whakahiato Ora to borrowers each time they take out a loan.
B43: 5. The administration fee is an annual fee charged by Inland Revenue | Te Tari Taake, added to loans on 31 March. This fee is only charged if an establishment fee has not been charged in the same tax year. This was first charged in 2011/12.
B44: 6. Prior to 2008/09, the balancing item includes penalties and loan interest charged. In 2011/12, the balancing item reflects adjustments over the period.
B45: 7. The interest in 2008/09 is low because in that year $96 million was reversed due to over-charging interest on borrower accounts in prior years.
B46: 8. New lending is net of repayments made to the Ministry of Social Development | Te Manatū Whakahiato Ora, which were mostly refunded course fees. The repayments are those made to Inland Revenue | Te Tari Taake only.
... B49: 11. The closing carrying value as at 30 June 2018 differs from the opening value the next year by $627 million. This uplift occurred because of the switch to fair value accounting on 1 July 2018.

Sheet T18.1
A1: index
B2: History of repayment thresholds and interest rates
B4: For the year ending 31 March | C4: Interest Rate | D4: Domestic Repayment Threshold ($ per year)
B5: 1993 | C5: 0.082 | D5: 12670
B6: 1994 | C6: 0.072 | D6: 13104
B7: 1995 | C7: 0.07 | D7: 13520
B8: 1996 | C8: 0.09 | D8: 13884
B9: 1997 | C9: 0.084 | D9: 14300
B10: 1998 | C10: 0.082 | D10: 14560
B11: 1999 | C11: 0.08 | D11: 14716
B12: 2000 | C12: 0.07 | D12: 14716
B13: 2001 | C13: 0.07 | D13: 14768
B14: 2002 | C14: 0.07 | D14: 15132
B15: 2003 | C15: 0.07 | D15: 15496
B16: 2004 | C16: 0.07 | D16: 15964
... B38: 2026 | C38: 0.049 | D38: 24128
B39: Source: Ministry of Education | Te Tāhuhu o te Mātauranga, Inland Revenue | Te Tari Taake
B40: This is a supporting table for Table 18, Part 2, Page 50 of the Student Loan Scheme Annual Report 2024/25
B41: Notes:
B42: 1. Since 1 April 2006 there has been no interest on student loans where the borrower is New Zealand based.
B43: 2. For New Zealand based borrowers compulsory repayments are based on earnings.
B44: 3. Compulsory repayments for domestic borrowers are 12 cents in every dollar earned over the threshold.
B45: This is calculated based on each pay, so, for example, when a borrower is paid weekly the threshold is 1/52 nd of the annual threshold.
B46: 4. Before April 2013 the student loan repayment rate was 10 cents in every dollar earned over the repayment threshold.
